Cogmind - Beta 10.2 --- EXPLORER MODE // 2021.05.31 @ 22:15:54 // Winter2019/RPGLIKE Player: H_ Result: Heading to fleet! Performance ------------- Evolutions (9) 4500 Regions Visited (42) 8400 Robots Destroyed (1472) 7360 Value Destroyed (86783) 86783 Prototype IDs (170) 3400 Alien Tech Used (14) 2800 Bonus (64752) 64752 TOTAL SCORE: 177995 Bonus ------- Triggered High Security 500 Triggered Max Security 2000 High Alert Combat Kills 37265 Follower Combat Kills 1971 Network Hubs Disabled 800 Aligned with FarCom 300 Met Data Miner 300 Met Zhirov 300 Met Warlord at Base 500 MAIN.C Attacked Warlord 500 Warlord Defense Kill 3416 Built Enhanced Grunts 300 A7 Reached Mainframe 300 Found Hidden Lab 3000 Used Core Reset Matrix 3000 Met R17 at Research 2000 Met Warlord at Research 2000 Invited to Help at Command 2000 Scanned by Researcher 1000 Pursued by Intercept 1500 Acquired SGEMP 2000 Win 3000 Friendly Fire -3200 Cogmind --------- Core Integrity 931/1000 Matter 640/700 Energy 368/380 System Corruption 0% Temperature Cool (0) Movement Rolling (91) Location To Fleet Rendezvous Parts ------- > --- POWER (2) -------- Zero-point Reactor Zero-point Reactor > --- PROPULSION (6) --- Compact Wheel High-density Centrium Wheel High-density Centrium Wheel High-density Centrium Wheel High-density Centrium Wheel High-density Centrium Wheel > --- UTILITY (10) ----- 2N-1CE's Frost Array Experimental Core Analyzer Experimental Armor Integrity Analyzer Precision Matter Filter Experimental Phase Shifter Heavy Reactive Plating Beam Splitter Experimental Shock Absorption System EM Dispersion Field > --- WEAPON (8) ------- Linked Autogun Linked Autogun Linked Autogun > --- INVENTORY (8) ---- Terrain Scanner Transdimensional Reconstructor Linked Autogun SGEMP Prototype Peak State ------------ > --- POWER ------------ Zero-point Reactor Zero-point Reactor > --- PROPULSION ------- Compact Wheel High-density Centrium Wheel High-density Centrium Wheel High-density Centrium Wheel High-density Centrium Wheel High-density Centrium Wheel > --- UTILITY ---------- 2N-1CE's Frost Array Experimental Core Analyzer Experimental Armor Integrity Analyzer Precision Matter Filter Experimental Phase Shifter Beam Splitter Experimental Shock Absorption System EM Dispersion Field Matter Drive > --- WEAPON ----------- Enhanced Autogun Linked Autogun Linked Autogun Linked Autogun Fusion Bomb Launcher > --- INVENTORY -------- Dimensional Node Initializer Transdimensional Reconstructor Core Expander Integrity Redistributor Core Reset Matrix Enhanced Autogun SGEMP Prototype [Rating: 239] Favorites ----------- Power Zero-point Reactor Engine Makeshift Power Source Power Core Light Nuclear Core Reactor Zero-point Reactor Propulsion High-density Centrium Wheel Wheel High-density Centrium Wheel Utility Heavy Reactive Plating Device EM Dispersion Field Storage Matter Compressor Processor Experimental Armor Integrity Analyzer Hackware System Shield Protection Heavy Reactive Plating Artifact Matter Drive Weapon Enhanced Autogun Energy Gun Vortex Rail Energy Cannon Guided Plasma Cannon Ballistic Gun Enhanced Autogun Ballistic Cannon Graviton Cannon Launcher Fusion Bomb Launcher Special Weapon Advanced Remote Datajack Slashing Weapon Chainsword Piercing Weapon Lance Special Melee Weapon Dirty Datajack Build | -11 -10 -10 -9 -9 -9 -8 -8 -7 -7 -7 -7 -7 -7 -6 -6 -6 -6 -6 -6 -6 -6 -5 -5 -5 -5 -5 -5 -4 -4 -4 -4 -4 -4 -4 -3 -3 -3 -3 -2 -2 -2 -1 ------- Run | Scr Mat Min Mat Min Exi Min Mat Fac Was Fac Low Low Dat Pro Fac Was Fac Ext Cet Arc Hub Fac Was Fac Upp Upp War Pro Fac Was Fac Upp Upp Zhi Pro Res Arm Lab Res Tes Sec Acc Slots Evolved 22 | 4 4 . 4 . . 1 1 1 1 1 . . . 1 . . . . . . 1 1 . . . . 1 . 1 . . . . . . . . . . . . . Power 1 | 1 . . . . . . . . . . . . . . . . . . . . . . . . . . . . . . . . . . . . . . . . . . Propulsion 5 | 1 2 . . . . . . . . 1 . . . 1 . . . . . . . . . . . . . . . . . . . . . . . . . . . . Utility 9 | 1 1 . 1 . . . . 1 1 . . . . . . . . . . . 1 1 . . . . 1 . 1 . . . . . . . . . . . . . Weapon 7 | 1 1 . 3 . . 1 1 . . . . . . . . . . . . . . . . . . . . . . . . . . . . . . . . . . . Parts Attached 561 | 10 9 2 13 4 4 1 7 24 6 51 8 3 . 3 24 . 6 1 8 1 22 11 2 19 2 . 32 7 47 2 25 3 2 3 2 18 31 17 29 25 46 31 Power 22 | 2 1 . 1 . . . 1 2 2 3 3 1 . . 1 . . . . 1 1 . . . . . 1 . . . . . . . . . 2 . . . . . Engine 8 | 2 . . . . . . 1 2 . 1 1 1 . . . . . . . . . . . . . . . . . . . . . . . . . . . . . . Core 6 | . 1 . 1 . . . . . . . 2 . . . 1 . . . . 1 . . . . . . . . . . . . . . . . . . . . . . Reactor 8 | . . . . . . . . . 2 2 . . . . . . . . . . 1 . . . . . 1 . . . . . . . . . 2 . . . . . Propulsion 37 | 4 5 . . . . . 1 1 . 3 . . . 1 6 . . . . . . . . . . . . . 4 . 2 . . . . 2 1 . . 3 2 2 Treads . | . . . . . . . . . . . . . . . . . . . . . . . . . . . . . . . . . . . . . . . . . . . Leg . | . . . . . . . . . . . . . . . . . . . . . . . . . . . . . . . . . . . . . . . . . . . Wheel 37 | 4 5 . . . . . 1 1 . 3 . . . 1 6 . . . . . . . . . . . . . 4 . 2 . . . . 2 1 . . 3 2 2 Hover . | . . . . . . . . . . . . . . . . . . . . . . . . . . . . . . . . . . . . . . . . . . . Flight . | . . . . . . . . . . . . . . . . . . . . . . . . . . . . . . . . . . . . . . . . . . . Utility 208 | 2 1 . 4 2 2 . 2 11 4 18 3 . . . 13 . 5 . 5 . 11 11 . 9 . . 10 1 12 . 10 1 . 3 . 5 7 7 11 6 18 14 Device 143 | 1 1 . . 1 . . . 10 3 10 2 . . . 5 . 2 . 3 . 10 9 . 8 . . 7 1 8 . 7 1 . 2 . 4 4 5 10 6 15 8 Storage 6 | . . . . . 1 . . . . . . . . . 2 . 1 . . . . . . . . . . . . . 1 . . . . . . . . . . 1 Processor 11 | . . . . . . . . . . . . . . . 1 . . . . . . . . . . . 3 . 2 . . . . . . 1 1 . 1 . . 2 Hackware 25 | . . . 2 . . . . 1 . 5 1 . . . 4 . 1 . . . . 1 . 1 . . . . 2 . 2 . . . . . 2 1 . . . 2 Protection 22 | 1 . . 2 1 1 . 2 . 1 3 . . . . 1 . 1 . 2 . 1 1 . . . . . . . . . . . 1 . . . 1 . . 2 1 Artifact 1 | . . . . . . . . . . . . . . . . . . . . . . . . . . . . . . . . . . . . . . . . . 1 . Weapon 294 | 2 2 2 8 2 2 1 3 10 . 27 2 2 . 2 4 . 1 1 3 . 10 . 2 10 2 . 21 6 31 2 13 2 2 . 2 11 21 10 18 16 26 15 Energy Gun 59 | . . . . . . . 1 . . . . . . . . . . . 1 . . . . . . . 4 2 10 1 4 1 . . . 3 5 3 6 6 8 4 Energy Cannon 13 | . . . . . 1 . . 1 . 4 1 . . 1 1 . 1 . . . 1 . . . . . . . . . . . . . . . . 1 . . 1 . Ballistic Gun 173 | 2 2 1 8 2 1 1 2 7 . 19 1 1 . 1 2 . . 1 2 . 6 . 1 5 1 . 14 3 16 1 7 1 1 . 2 7 10 4 10 8 14 9 Ballistic Cannon 3 | . . . . . . . . . . . . . . . . . . . . . . . . . . . . . 1 . . . . . . . . . . 2 . . Launcher 10 | . . . . . . . . . . . . . . . . . . . . . . . 1 1 . . . . . . . . . . . 1 2 1 1 . 3 . Special Weapon 20 | . . 1 . . . . . 2 . 4 . 1 . . 1 . . . . . . . . . . . . . 3 . 2 . 1 . . . 4 1 . . . . Impact Weapon . | . . . . . . . . . . . . . . . . . . . . . . . . . . . . . . . . . . . . . . . . . . . Slashing Weapon 7 | . . . . . . . . . . . . . . . . . . . . . 3 . . . 1 . . . . . . . . . . . . . 1 . . 2 Piercing Weapon 8 | . . . . . . . . . . . . . . . . . . . . . . . . 4 . . 2 1 1 . . . . . . . . . . . . . Special Melee Weapon 1 | . . . . . . . . . . . . . . . . . . . . . . . . . . . 1 . . . . . . . . . . . . . . . Unidentified Prototypes 61 | . . . . 1 2 . 1 . . . . . . . 1 . . . 4 . 5 . 1 . . . 9 1 . . 1 . . 1 . 2 1 5 4 4 10 8 Parts Lost 4 | . . . . . . . . . . . . . . . . . . . . . . . . . . . . . 2 . . . . . . 1 . . . . 1 . Power . | . . . . . . . . . . . . . . . . . . . . . . . . . . . . . . . . . . . . . . . . . . . Propulsion . | . . . . . . . . . . . . . . . . . . . . . . . . . . . . . . . . . . . . . . . . . . . Utility 2 | . . . . . . . . . . . . . . . . . . . . . . . . . . . . . 2 . . . . . . . . . . . . . Weapon 2 | . . . . . . . . . . . . . . . . . . . . . . . . . . . . . . . . . . . . 1 . . . . 1 . Highest Loss Streak 2 | . . . . . . . . . . . . . . . . . . . . . . . . . . . . . 2 . . . . . . 1 . . . . 1 . Average Slot Usage (%) 90 | . 91 99 90 89 99 99 99 99 99 91 79 80 80 77 79 90 90 90 90 90 92 95 95 94 95 95 92 91 91 92 92 92 92 92 92 91 94 95 94 87 83 79 Engine 1 | . 12 8 1 . . . 4 8 6 . . 3 4 4 4 4 4 4 4 4 1 . . . . . . . . . . . . . . . . . . . . . Core 1 | . 5 8 11 12 12 11 5 2 . . 4 4 4 4 3 4 4 4 4 4 4 4 4 4 4 4 1 . . . . . . . . . . . . . . . Reactor 3 | . . . . . . . . . 3 9 3 . . . . . . . . . 2 4 4 4 4 4 3 4 3 3 3 3 3 3 3 3 5 7 7 7 7 7 Wheel 21 | . 26 33 27 25 25 23 21 21 20 17 14 14 14 13 15 27 27 27 27 27 26 25 25 25 25 25 24 24 23 23 23 23 23 23 23 23 23 23 23 22 22 23 Device 17 | . 14 16 13 6 6 5 5 8 10 6 8 14 14 13 7 13 10 9 9 13 16 22 20 21 25 25 25 28 23 30 26 28 30 30 30 29 25 25 23 22 22 22 Processor 1 | . . . . . . . . . . . . . . . . . . . . . . . . . . . . . . . . . . . . . 2 3 6 7 7 7 Hackware 4 | . . . 4 12 12 11 11 13 15 16 4 . . . 5 . . . . . . . 4 2 . . . . 4 . 3 1 . . . . . . . . . . Protection 3 | . 9 8 8 6 5 5 4 1 4 1 4 4 4 4 3 4 7 9 8 4 5 4 4 4 4 4 4 4 3 3 3 3 3 3 3 3 3 3 3 3 2 2 Ballistic Gun 31 | . 22 24 22 27 37 40 43 40 35 37 37 38 38 36 35 36 35 35 36 36 33 33 32 32 33 33 32 31 30 29 29 30 29 30 30 29 27 26 27 22 17 14 Naked Turns . | . . . . . . . . . . . . . . . . . . . . . . . . . . . . . . . . . . . . . . . . . . . Heaviest Build 130 | 13 17 16 29 22 28 23 31 52 79 108 114 86 85 92 86 83 96 96 89 84 116 97 101 101 100 100 113 113 124 118 124 120 118 116 118 122 114 118 117 125 130 127 Greatest Support 125 | 25 53 53 53 53 53 53 53 53 53 73 73 73 73 89 101 101 101 101 101 101 101 101 101 101 101 101 101 101 117 117 125 125 125 125 125 125 125 125 125 125 125 121 Greatest Overweight (x) 1 | . . . . . . . . . 1 1 1 1 1 1 . . . . . . 1 . . . . . 1 1 1 1 1 . . . . 1 . . . 1 1 1 Average Overweight (x) . | . . . . . . . . . 1 . 1 1 1 . . . . . . . . . . . . . . 1 . 1 . . . . . . . . . . . . Largest Inventory Capacity 8 | 2 2 2 2 2 2 2 4 6 6 6 6 6 6 6 6 6 6 6 6 6 6 6 6 6 6 6 6 6 6 6 6 6 6 6 6 6 6 7 7 8 8 8 Average Capacity 5 | 1 2 2 2 2 2 2 3 5 6 6 6 6 6 6 6 6 6 6 6 6 6 6 6 6 6 6 6 6 6 6 6 6 6 6 6 6 6 6 7 7 8 8 Most Carried 8 | 2 2 2 2 2 2 2 2 6 6 6 6 6 5 5 6 5 6 6 6 6 6 6 6 6 6 6 6 5 6 5 6 5 4 6 6 6 6 7 7 8 8 8 Average Carried 5 | . . 1 1 . 1 1 1 3 4 5 5 5 5 4 4 4 5 6 6 6 4 5 5 5 6 6 5 4 4 4 5 4 4 4 5 5 5 6 6 7 7 6 Final Capacity 8 | 2 2 2 2 2 2 2 4 6 6 6 6 6 6 6 6 6 6 6 6 6 6 6 6 6 6 6 6 6 6 6 6 6 6 6 6 6 6 7 7 8 8 8 Final Carried 8 | . 1 2 . 1 1 1 1 4 5 6 5 5 5 4 3 5 6 6 6 6 6 6 6 6 6 6 5 5 4 5 5 4 4 5 5 6 6 7 7 8 8 6 Class Distribution -------------------- 69% | Machinist-Executioner 11% | Wizard-Executioner 7% | Hacker-Executioner 6% | Machinist-Mutant 4% | Hacker-Skirmisher Dominant Class ---------------- Hacker-Skirmisher | -10/Materials Hacker-Skirmisher | -10/Mines Hacker-Skirmisher | -9/Materials Hacker-Skirmisher | -9/Mines Hacker-Executioner | -9/Exiles Hacker-Executioner | -8/Mines Hacker-Executioner | -8/Materials Hacker-Executioner | -7/Factory Wizard-Executioner | -7/Waste Wizard-Executioner | -7/Factory Machinist-Executioner | -7/Lower Caves Machinist-Executioner | -7/Lower Caves Machinist-Executioner | -7/Data Miner Machinist-Executioner | -6/Proximity Caves Hacker-Executioner | -6/Factory Machinist-Executioner | -6/Waste Machinist-Executioner | -6/Factory Machinist-Executioner | -6/Extension Machinist-Executioner | -6/Cetus Machinist-Executioner | -6/Archives Machinist-Executioner | -6/Hub_04(d) Machinist-Executioner | -5/Factory Machinist-Executioner | -5/Waste Machinist-Executioner | -5/Factory Machinist-Executioner | -5/Upper Caves Machinist-Executioner | -5/Upper Caves Machinist-Executioner | -5/Warlord Machinist-Executioner | -4/Proximity Caves Machinist-Executioner | -4/Factory Machinist-Executioner | -4/Waste Machinist-Executioner | -4/Factory Machinist-Executioner | -4/Upper Caves Machinist-Executioner | -4/Upper Caves Machinist-Executioner | -4/Zhirov Machinist-Executioner | -3/Proximity Caves Machinist-Executioner | -3/Research Machinist-Executioner | -3/Armory Machinist-Executioner | -3/Lab Machinist-Executioner | -2/Research Machinist-Executioner | -2/Testing Machinist-Executioner | -2/Section 7 Machinist-Executioner | -1/Access Resources | -11 -10 -10 -9 -9 -9 -8 -8 -7 -7 -7 -7 -7 -7 -6 -6 -6 -6 -6 -6 -6 -6 -5 -5 -5 -5 -5 -5 -4 -4 -4 -4 -4 -4 -4 -3 -3 -3 -3 -2 -2 -2 -1 ----------- Run | Scr Mat Min Mat Min Exi Min Mat Fac Was Fac Low Low Dat Pro Fac Was Fac Ext Cet Arc Hub Fac Was Fac Upp Upp War Pro Fac Was Fac Upp Upp Zhi Pro Res Arm Lab Res Tes Sec Acc Matter Collected 48935 | 318 292 60 358 147 . 219 502 1494 518 3442 499 277 . 294 2690 586 783 453 608 . 3215 805 25 1193 714 696 1324 862 3326 138 1940 243 381 . 252 770 2687 203 3480 5304 4310 3527 Remotely 70 | . . . . . . . . . . . . . . . . . . . . . . . . . . . . . . . . . . . . . . . . . . 70 Salvage Created 74283 | 112 388 46 1382 25 . 208 749 1311 1371 2967 361 389 . 264 2854 1479 940 339 367 166 3235 889 . 1138 576 618 1070 1230 3589 476 3571 1060 748 . 1153 2692 3904 77 5181 9796 9159 8403 Parts 3939 | 7 33 5 97 12 . 21 61 102 27 205 23 34 . 19 164 19 71 31 26 6 168 50 . 85 39 51 65 63 243 5 202 52 50 . 59 133 270 3 274 306 528 330 Haulers Intercepted 16 | . 2 . 3 . . . . . . 3 . . . . 1 . . . . . 1 . . . . . . . 2 . 3 . . . . . . . 1 . . . Recyclers Shooed 7 | 1 . . 1 . . . . . . . . . . . 3 . . . . . . . . 1 . . . . . . . . . . . . . . . . . 1 Parts Field Recycled . | . . . . . . . . . . . . . . . . . . . . . . . . . . . . . . . . . . . . . . . . . . . Retrieved Matter . | . . . . . . . . . . . . . . . . . . . . . . . . . . . . . . . . . . . . . . . . . . . Parts Self-Destructed . | . . . . . . . . . . . . . . . . . . . . . . . . . . . . . . . . . . . . . . . . . . . Prevented . | . . . . . . . . . . . . . . . . . . . . . . . . . . . . . . . . . . . . . . . . . . . Kills | -11 -10 -10 -9 -9 -9 -8 -8 -7 -7 -7 -7 -7 -7 -6 -6 -6 -6 -6 -6 -6 -6 -5 -5 -5 -5 -5 -5 -4 -4 -4 -4 -4 -4 -4 -3 -3 -3 -3 -2 -2 -2 -1 ------- Run | Scr Mat Min Mat Min Exi Min Mat Fac Was Fac Low Low Dat Pro Fac Was Fac Ext Cet Arc Hub Fac Was Fac Upp Upp War Pro Fac Was Fac Upp Upp Zhi Pro Res Arm Lab Res Tes Sec Acc Combat Hostiles Destroyed 1251 | . 10 2 28 5 . 9 22 31 6 55 9 9 . 7 47 6 21 9 10 3 51 18 . 29 16 16 26 25 65 . 58 18 23 . 22 43 74 4 89 134 152 99 Melee 11 | . . . . . . . . . . . . . . . . . . . . . 5 . . 5 . . . . . . . . . . . . . . . . 1 . Guns 1232 | . 10 2 28 5 . 9 22 31 6 54 9 9 . 7 47 6 18 9 10 3 46 18 . 24 16 16 26 25 65 . 54 18 23 . 22 43 74 4 89 134 151 99 Cannons 1 | . . . . . . . . . . 1 . . . . . . . . . . . . . . . . . . . . . . . . . . . . . . . . AOE 7 | . . . . . . . . . . . . . . . . . 3 . . . . . . . . . . . . . 4 . . . . . . . . . . . Classes Destroyed 30 | 3 4 . 3 . . . 1 1 1 3 1 . . . . . . . . . 2 . . . . . 3 1 . . . . 1 . . . 1 . 1 3 1 . Worker 38 | 1 1 . . . . 1 . 1 . 6 . . . . 4 . 2 . . . 8 . . 2 . . . . 2 . 1 . . . . . . . 4 1 . 4 Builder 17 | . . . . . . . . . . 1 . . . . 2 . . . . . 2 . . . . . . . 1 . 3 . . . . . . . 2 . . 6 Tunneler 6 | 2 . 1 . . . . . . . . . . . . . . 2 . . . 1 . . . . . . . . . . . . . . . . . . . . . Hauler 16 | . 2 . 3 . . . . . . 3 . . . . 1 . . . . . 1 . . . . . . . 2 . 3 . . . . . . . 1 . . . Recycler 10 | 1 . . 1 . . 1 . . . 3 . . . . 1 . . . . . . . . . . . . . . . . . . . . . . . 1 . . 2 Carrier 2 | . . . . . . . . . . . . . . . . . . . . . . . . . . . . . . . . . . . . . . . . . 1 1 Minesweeper 3 | . . . . . . . . . . . . . . . . . . . . . . . . . . . . 1 . . . 1 . . 1 . . . . . . . Mechanic 11 | . . . . . . . . . . 1 . . . . . . . . . . . . . . . 1 . . . . . . . . . . . . . 4 1 4 Operator 24 | . . . 2 . . . 2 . . 4 . . . . 3 . 1 1 . . 2 2 . . . . . . 2 . 4 . . . . . . . 1 . . . Watcher 68 | . 3 . 4 . . . 3 2 . 6 . . . . 8 . 4 2 . . 4 . . 3 . . . . 10 . 4 . . . . 1 4 . 1 2 4 3 Swarmer 193 | . 2 2 2 3 . 7 6 8 . 7 3 1 . 2 7 . 5 2 1 . 6 . . 14 6 5 . 6 9 . 11 4 9 . 13 2 12 . 24 7 . 7 Saboteur 25 | . . . . . . . . . . . . . . . . . . . . . 1 . . . . . 3 . . . . . . . . . 4 . . 5 11 1 Grunt 399 | . 8 . 15 2 . 2 10 11 . 16 5 2 . 2 19 . 8 2 . . 17 10 . 7 6 3 11 11 22 . 17 12 5 . 6 16 7 3 13 58 34 39 Brawler 35 | . . . . . . . . . . 1 . 1 . . . . 1 . . . . . . . . 2 . 1 . . . . 2 . . 1 1 . . 11 7 7 Duelist 48 | . . . 1 . . . . . . . . 2 . . 1 . . 1 . . 1 . . . 1 3 . 3 . . . 1 1 . . . 6 . 1 7 10 9 Protector 19 | . . . . . . . . . . . . . . . . . . . . . 3 . . . . . 1 . 1 . . . . . . . 1 . . 3 5 5 Researcher 4 | . . . . . . . . . . . . . . . . . . . . . . . . . . . . . . . . . . . . . . . . 1 3 . Sentry 130 | . . . 10 . . . 5 6 . 12 . 1 . . 9 . 5 2 . 3 7 1 . 2 . 2 . 2 10 . 10 1 2 . 3 4 10 . 2 8 12 1 Demolisher 12 | . . . . . . . . . . . . . . . . . . . . . . . . . . . 5 . . . . . . . . 2 1 . 4 . . . Specialist 3 | . . . . . . . . . . . . . . . . . . . . . . . . . . . . . . . . . . . . . 3 . . . . . Hunter 91 | . . . . . . . 1 3 . 6 . 1 . 2 5 . . . 2 . 3 . . 1 2 . . 2 4 . 11 . 2 . . 4 4 . 8 9 8 13 Programmer 153 | . . . . . . . . 6 . 13 . . . 1 5 . 1 . . . 2 6 . 5 . . 1 . 18 . 9 . 1 . . 6 24 . 4 12 31 8 Behemoth 19 | . . . . . . . . . . . 1 1 . . 1 . 1 2 . . . 1 . . 1 1 1 . 1 . 1 . . . . 1 1 . 2 . 2 1 Compactor 12 | . . . . . . . . . 6 . . . . . . 6 . . . . . . . . . . . . . . . . . . . . . . . . . . Cetus Guard 7 | . . . . . . . . . . . . . . . . . . . 7 . . . . . . . . . . . . . . . . . . . . . . . S7 Guard 3 | . . . . . . . . . . . . . . . . . . . . . . . . . . . . . . . . . . . . . . . . . 3 . Enhanced Grunt 2 | . . . . . . . . . . . . . . . . . . . . . 2 . . . . . . . . . . . . . . . . . . . . . Lightning 11 | . . . . . . . . . . . . . . . . . . . . . 11 . . . . . . . . . . . . . . . . . . . . . Tracker 14 | . . . . . . . . . . . . . . . . . . . . . . . . . . . . . . . . . . . . . . . 9 . 3 2 Combat Programmer 9 | . . . . . . . . . . . . . . . . . . . . . . . . . . . . . . . . . . . . . . . 3 . 4 2 Investigator 5 | . . . . . . . . . . . . . . . . . . . . . . . . . . . . . . . . . . . . . . . . 2 2 1 Striker 39 | . . . . . . . . . . . . . . . . . . . . . . . . . . . 2 . . . . . . . . 5 . . 12 10 9 1 Executioner 27 | . . . . . . . . . . . . . . . . . . . . . . . . . . . 3 . . . . . . . . 2 . . 7 1 11 3 Alpha 7 3 | . . . . . . . . . . . . . . . . . . . . . . . . . . . . . . . . . . . . . . . . 1 2 . Fortress 1 | . . . . . . . . . . . . . . . . . . . . . . . . . . . . . . . . . . . . . . . . 1 . . Protovariant Y 1 | . . . . . . . . . . . . . . . . . . . . . . . . . . . . . . . . . . . . . . . . 1 . . Thug 1 | . . . . . . . . . . . . . . . . . . . . . 1 . . . . . . . . . . . . . . . . . . . . . Martyr 3 | . . . . . . . . . . . . . . . . . . . . . . . . . . . . . . . 3 . . . . . . . . . . . Wizard 1 | . . . . . . . . . . . . . . . . . . . . . . . . . . . 1 . . . . . . . . . . . . . . . Fireman 1 | . . . . . . . . . . . . . . . . . . . . . . . . . . . . . . . . . . . . . . . 1 . . . Mutant 2 | . . . . . . . . . . . . . . . . . . . . . . . . . . . . . . . . . 1 . . . . . 1 . . . Best Kill Streak 37 | 2 5 2 7 3 . 4 5 6 2 5 3 7 . 2 7 5 6 4 4 3 13 5 . 7 7 6 15 9 8 . 8 7 9 . 14 5 9 3 14 34 23 37 Combat Bots Only 32 | . 5 2 5 3 . 4 5 5 2 3 3 7 . 2 6 5 3 3 4 3 12 5 . 5 7 6 15 9 7 . 7 7 9 . 14 5 8 3 13 32 21 30 Max Kills in Single Turn 5 | 1 1 2 2 2 . 3 2 2 1 3 2 3 . 1 3 1 5 2 2 1 5 2 . 3 3 4 2 3 4 . 3 2 5 . 3 3 3 1 3 3 5 5 Gunslinging 4 | . . 1 1 1 . 2 1 1 . 1 1 1 . . 2 . 1 1 1 . 2 1 . 2 2 3 1 1 3 . 1 1 4 . 2 1 2 . 2 2 2 2 Exploded 3 | . . . . . . . . . . . . . . . . . 3 . . . . . . . . . . . . . 2 . . . . . . . . . . . Melee 1 | . . . . . . . . . . . . . . . . . . . . . 1 . . 1 . . . . . . . . . . . . . . . . 1 . Uniques/NPCs Destroyed 4 | . . . . . . . . . . . . . . . . . . . . . . . . . . . . . . . . . . . . . . 1 . . . 3 A5 (-3/Lab) Perun (-1/Access) Svarog (-1/Access) Zhirov (-1/Access) Combat | -11 -10 -10 -9 -9 -9 -8 -8 -7 -7 -7 -7 -7 -7 -6 -6 -6 -6 -6 -6 -6 -6 -5 -5 -5 -5 -5 -5 -4 -4 -4 -4 -4 -4 -4 -3 -3 -3 -3 -2 -2 -2 -1 -------- Run | Scr Mat Min Mat Min Exi Min Mat Fac Was Fac Low Low Dat Pro Fac Was Fac Ext Cet Arc Hub Fac Was Fac Upp Upp War Pro Fac Was Fac Upp Upp Zhi Pro Res Arm Lab Res Tes Sec Acc Damage Taken 14241 | . 362 30 737 83 . 80 315 426 . 959 265 115 . 136 1288 . 395 191 224 37 566 153 . 458 132 87 335 79 692 8 455 125 28 . 75 282 304 . 815 417 3020 567 Core 9536 | . 243 17 517 61 . 55 222 331 . 669 184 61 . 64 778 . 229 104 135 25 338 104 . 309 86 52 208 55 429 5 293 76 19 . 51 208 199 . 571 278 2180 380 Absorbed by Shields 522 | . . . . . . . . . . . . . . . . . . 41 159 . . . . . . . 68 . . . . . . . . . . . . . 254 . Redirected to Core 8476 | . 203 17 411 45 . 55 222 309 . 614 149 61 . 64 701 . 218 97 128 25 303 104 . 291 86 47 189 55 376 5 281 76 19 . 45 169 174 . 484 267 1831 355 Core Remaining (%) 98 | 100 . 97 . . . 100 100 . . . . . . 100 . . . . . . 94 . . . . . . 100 . . . . . . 99 . . 100 . . 100 93 Volleys Fired 2359 | 9 54 4 92 8 1 12 43 56 26 111 17 12 . 12 97 21 47 15 22 5 123 27 . 45 25 29 40 33 140 8 116 25 30 . 24 81 136 20 166 198 251 178 Largest 8 | 2 3 3 6 4 1 7 8 8 7 8 8 8 . 8 8 8 8 8 8 8 8 8 . 8 8 8 8 8 8 8 8 8 8 . 8 8 8 8 8 6 6 4 Hottest 290 | 40 60 60 140 83 120 143 163 189 169 200 200 200 . 200 200 200 200 200 200 200 200 200 . 200 200 200 220 200 200 200 200 200 200 . 200 200 220 220 200 180 290 128 Shots Fired 15261 | 18 130 12 289 32 1 78 336 419 181 819 129 75 . 89 762 168 362 113 176 40 979 216 . 359 200 232 320 264 1041 64 900 200 219 . 192 627 811 111 1211 1163 1265 658 Gun 15195 | 18 130 12 289 32 . 78 336 416 181 811 128 72 . 88 760 168 360 112 176 40 979 216 . 359 200 232 320 264 1040 64 899 200 216 . 192 627 791 108 1204 1163 1256 658 Cannon 15 | . . . . . 1 . . 1 . 7 1 . . 1 1 . 2 1 . . . . . . . . . . . . . . . . . . . . . . . . Launcher 23 | . . . . . . . . . . . . . . . . . . . . . . . . . . . . . . . . . . . . . 4 3 7 . 9 . Special 28 | . . . . . . . . 2 . 1 . 3 . . 1 . . . . . . . . . . . . . 1 . 1 . 3 . . . 16 . . . . . Kinetic 15078 | 18 130 12 289 32 . 78 336 416 181 811 128 72 . 88 760 168 360 112 176 40 979 216 . 359 200 232 318 264 1030 64 896 200 216 . 192 624 757 98 1189 1156 1229 652 Thermal 15 | . . . . . 1 . . 1 . 7 1 . . 1 1 . 2 1 . . . . . . . . . . . . . . . . . . . . . . . . Explosive 23 | . . . . . . . . . . . . . . . . . . . . . . . . . . . . . . . . . . . . . 4 3 7 . 9 . Electromagnetic . | . . . . . . . . . . . . . . . . . . . . . . . . . . . . . . . . . . . . . . . . . . . Slashing 9 | . . . . . . . . . . . . . . . . . . . . . . . . . . . . . . . . . . . . . . . . . 3 6 Entropic 108 | . . . . . . . . . . . . . . . . . . . . . . . . . . . 2 . 10 . 3 . . . . 3 34 10 15 7 24 . Robot Hit Streak 143 | 5 18 14 50 19 . 16 35 60 58 34 20 31 . 17 35 59 33 20 37 40 26 57 . 28 33 24 31 83 49 29 39 24 72 . 28 77 44 15 47 143 98 123 Robot Miss Streak 9 | 2 1 3 2 2 . 1 2 3 1 3 5 2 . 2 6 2 3 1 3 1 9 3 . 4 3 2 3 5 3 1 3 2 2 . 2 2 1 2 6 2 2 2 Penetration Max 4 | . . . . . . . . . . . . . . . . . . . . . . . . . . . . . . . . . . . . . 1 1 1 1 4 . Secondary Targets 516 | . 5 1 5 1 . 3 6 8 4 6 2 3 . 2 16 4 7 6 5 1 24 5 . 10 7 7 22 13 26 . 16 9 11 . 11 10 22 1 42 67 80 48 Max Gunslinging Chain 4 | . 1 1 1 1 . 2 2 2 1 1 1 2 . 1 2 1 2 2 2 1 2 1 . 2 2 3 2 2 4 . 2 2 2 . 2 1 1 1 2 2 2 2 Shots Hit Robots 11310 | 11 105 6 244 26 . 56 234 307 170 528 72 49 . 51 486 155 205 89 143 30 722 156 . 239 120 139 265 205 748 56 629 148 140 . 130 468 559 74 898 1017 1057 573 Core Hits 4758 | 6 35 4 96 9 . 24 81 114 32 145 23 20 . 16 150 30 63 31 47 10 250 53 . 77 38 44 87 77 246 6 213 50 49 . 55 134 230 21 376 624 716 476 Critical Hits 127 | . 1 . 3 . . . 2 3 . 3 . 2 . . 4 2 1 1 2 . 8 2 . 2 1 1 3 1 7 . 3 2 1 . 2 6 12 1 8 13 18 12 Critical Kills 43 | . 1 . 2 . . . 1 . . 2 . 1 . . 1 . 1 . . . 2 1 . . 1 1 . 1 2 . . 2 . . 1 2 6 . 4 3 5 3 Critical Parts Destroyed 71 | . . . 1 . . . 1 3 . . . 1 . . 2 1 . 1 2 . 6 1 . 2 . . 1 . 5 . 2 . 1 . 1 4 4 1 4 10 10 7 Melee Attacks 64 | . . . . . . . . . . . . . . . . . . . . . 39 . . 9 . . 15 . 1 . . . . . . . . . . . . . Impact . | . . . . . . . . . . . . . . . . . . . . . . . . . . . . . . . . . . . . . . . . . . . Slashing 39 | . . . . . . . . . . . . . . . . . . . . . 39 . . . . . . . . . . . . . . . . . . . . . Piercing 11 | . . . . . . . . . . . . . . . . . . . . . . . . 9 . . 1 . 1 . . . . . . . . . . . . . Sneak Attacks 15 | . . . . . . . . . . . . . . . . . . . . . . . . . . . 15 . . . . . . . . . . . . . . . Combat Hostiles . | . . . . . . . . . . . . . . . . . . . . . . . . . . . . . . . . . . . . . . . . . . . Follow-up Attacks . | . . . . . . . . . . . . . . . . . . . . . . . . . . . . . . . . . . . . . . . . . . . Damage Inflicted 236077 | 124 989 32 1915 215 . 395 1749 3689 2943 8961 1418 937 . 1015 8308 2851 3790 1522 2355 561 12331 2989 . 4011 2245 2589 5041 3994 13167 1035 12782 2888 3022 . 2922 9602 11553 1506 17204 28598 31607 23222 Guns 230043 | 124 989 32 1915 215 . 395 1749 3597 2943 8745 1418 937 . 1015 8272 2851 3014 1487 2355 561 9741 2989 . 3755 2245 2589 4924 3994 13071 1035 11065 2888 3022 . 2922 9602 11553 1506 17101 28598 31607 23222 Cannons 110 | . . . . . . . . . . 75 . . . . . . . 35 . . . . . . . . . . . . . . . . . . . . . . . . Explosions 4154 | . . . . . . . . 92 . 141 . . . . . . 776 . . . 1229 . . . . . . . 96 . 1717 . . . . . . . 103 . . . Melee 1734 | . . . . . . . . . . . . . . . . . . . . . 1361 . . 256 . . 117 . . . . . . . . . . . . . . . Ramming 36 | . . . . . . . . . . . . . . . 36 . . . . . . . . . . . . . . . . . . . . . . . . . . . Kinetic 227752 | 124 989 32 1915 215 . 395 1749 3597 2943 8745 1418 937 . 1015 8272 2851 3014 1487 2355 561 9741 2989 . 3755 2245 2589 4924 3994 13071 1035 11065 2888 3022 . 2922 9602 10987 1380 16552 28424 30731 23222 Thermal 2365 | . . . . . . . . . . 216 . . . . . . 776 35 . . 27 . . . . . . . . . 1311 . . . . . . . . . . . Explosive 605 | . . . . . . . . . . . . . . . . . . . . . . . . . . . . . 96 . 406 . . . . . . . 103 . . . Electromagnetic 1294 | . . . . . . . . 92 . . . . . . . . . . . . 1202 . . . . . . . . . . . . . . . . . . . . . Impact . | . . . . . . . . . . . . . . . . . . . . . . . . . . . . . . . . . . . . . . . . . . . Slashing 1361 | . . . . . . . . . . . . . . . . . . . . . 1361 . . . . . . . . . . . . . . . . . . . . . Piercing 373 | . . . . . . . . . . . . . . . . . . . . . . . . 256 . . 117 . . . . . . . . . . . . . . . Entropic 2291 | . . . . . . . . . . . . . . . . . . . . . . . . . . . . . . . . . . . . . 566 126 549 174 876 . Highest Corruption 11 | . . . . . . . . 2 10 11 . . . . . . . . . . . . . . . . . . . . . . . . . . . . . . . . Average Corruption 4 | . . . . . . . . 1 5 4 . . . . . . . . . . . . . . . . . . . . . . . . . . . . . . . . Corruption Purged 18 | . . . . . . . . 3 1 14 . . . . . . . . . . . . . . . . . . . . . . . . . . . . . . . . Effects 80 | . . . . . . . . 3 16 61 . . . . . . . . . . . . . . . . . . . . . . . . . . . . . . . . Message Errors 22 | . . . . . . . . 1 3 18 . . . . . . . . . . . . . . . . . . . . . . . . . . . . . . . . Matter Fused 11 | . . . . . . . . . 1 10 . . . . . . . . . . . . . . . . . . . . . . . . . . . . . . . . Heat Flow Errors 5 | . . . . . . . . . . 5 . . . . . . . . . . . . . . . . . . . . . . . . . . . . . . . . Energy Discharges 12 | . . . . . . . . . 3 9 . . . . . . . . . . . . . . . . . . . . . . . . . . . . . . . . Data Loss (minor) 8 | . . . . . . . . 1 . 7 . . . . . . . . . . . . . . . . . . . . . . . . . . . . . . . . Misfires 2 | . . . . . . . . . . 2 . . . . . . . . . . . . . . . . . . . . . . . . . . . . . . . . Misdirections 4 | . . . . . . . . . . 4 . . . . . . . . . . . . . . . . . . . . . . . . . . . . . . . . Targeting Errors 14 | . . . . . . . . 1 8 5 . . . . . . . . . . . . . . . . . . . . . . . . . . . . . . . . Weapon Failures 2 | . . . . . . . . . 1 1 . . . . . . . . . . . . . . . . . . . . . . . . . . . . . . . . Overload Shots . | . . . . . . . . . . . . . . . . . . . . . . . . . . . . . . . . . . . . . . . . . . . Overflow Damage 268 | . . . . . . . . . . 4 . . . . . . 156 . . . 61 . . . . . . . 17 . 30 . . . . . . . . . . . Projectiles . | . . . . . . . . . . . . . . . . . . . . . . . . . . . . . . . . . . . . . . . . . . . Explosions 239 | . . . . . . . . . . 4 . . . . . . 156 . . . 32 . . . . . . . 17 . 30 . . . . . . . . . . . Melee 29 | . . . . . . . . . . . . . . . . . . . . . 29 . . . . . . . . . . . . . . . . . . . . . Knockbacks . | . . . . . . . . . . . . . . . . . . . . . . . . . . . . . . . . . . . . . . . . . . . Impact . | . . . . . . . . . . . . . . . . . . . . . . . . . . . . . . . . . . . . . . . . . . . Kinetic . | . . . . . . . . . . . . . . . . . . . . . . . . . . . . . . . . . . . . . . . . . . . Secondary . | . . . . . . . . . . . . . . . . . . . . . . . . . . . . . . . . . . . . . . . . . . . Self-Inflicted Damage 227 | . . . . . . . . 81 . 28 . . . . 18 . . . . . . . . 77 . . . . . . 23 . . . . . . . . . . . Shots 8 | . . . . . . . . 3 . 1 . . . . . . . . . . . . . 2 . . . . . . 2 . . . . . . . . . . . Rammed 2 | . . . . . . . . . . . . . . . 2 . . . . . . . . . . . . . . . . . . . . . . . . . . . Targets Rammed 2 | . . . . . . . . . . . . . . . 2 . . . . . . . . . . . . . . . . . . . . . . . . . . . Kicked . | . . . . . . . . . . . . . . . . . . . . . . . . . . . . . . . . . . . . . . . . . . . Crushed . | . . . . . . . . . . . . . . . . . . . . . . . . . . . . . . . . . . . . . . . . . . . Highest Temperature 566 | 20 254 . 2 5 14 98 404 537 304 433 328 184 . 200 391 354 308 288 566 102 357 345 . 175 272 254 251 268 257 195 282 199 272 . 185 250 220 233 353 382 332 384 Average Temperature 111 | 10 89 . 2 5 10 31 113 100 132 126 150 102 . 120 116 124 112 119 168 65 109 102 . 83 118 119 109 119 108 118 111 116 112 . 105 115 108 104 112 121 78 68 Received Heat Transfer 4188 | . 261 . 477 45 . 27 162 78 . 393 114 12 . 27 381 . 195 49 14 9 513 111 . 174 111 60 189 30 327 . 147 33 . . 27 87 111 . . . 24 . Effects 16 | . . . . . . . 1 3 . 4 1 . . . 1 . . . . . 3 . . . . . 1 . 2 . . . . . . . . . . . . . Shutdowns 4 | . . . . . . . 1 1 . 1 1 . . . . . . . . . . . . . . . . . . . . . . . . . . . . . . . Energy Bleed 4 | . . . . . . . . 1 . 1 . . . . 1 . . . . . . . . . . . 1 . . . . . . . . . . . . . . . Interference 6 | . . . . . . . . . . 1 . . . . . . . . . . 3 . . . . . . . 2 . . . . . . . . . . . . . Matter Decay 1 | . . . . . . . . . . 1 . . . . . . . . . . . . . . . . . . . . . . . . . . . . . . . . Damage (minor) 1 | . . . . . . . . 1 . . . . . . . . . . . . . . . . . . . . . . . . . . . . . . . . . . Siege Activations . | . . . . . . . . . . . . . . . . . . . . . . . . . . . . . . . . . . . . . . . . . . . Robots Corrupted 2 | . . . . . . . . . . . . . . . . . . . . . 2 . . . . . . . . . . . . . . . . . . . . . Combat Hostiles . | . . . . . . . . . . . . . . . . . . . . . . . . . . . . . . . . . . . . . . . . . . . Parts Fried 19 | . . . . . . . . . . . . . . . 3 . . 1 1 . 12 . . . . . 1 . . . . . . . . . 1 . . . . . Impact Corruptions . | . . . . . . . . . . . . . . . . . . . . . . . . . . . . . . . . . . . . . . . . . . . Robots Melted . | . . . . . . . . . . . . . . . . . . . . . . . . . . . . . . . . . . . . . . . . . . . Combat Hostiles . | . . . . . . . . . . . . . . . . . . . . . . . . . . . . . . . . . . . . . . . . . . . Parts Melted 5 | . . . . . . . . . . . . . . . . . . . . . . . . . . . . . . . 3 . . . . . . . 2 . . . Heat Transferred 2090 | . . . . . . . . . . 260 . . . . . . 500 80 . . 50 . . . . . . . . . 1200 . . . . . . . . . . . Parts Sabotaged 8 | . . . . . . . . . . . . . . . . . . . . . . . . . . . . . . . . . . . . . . . . 4 4 . Parts Stolen . | . . . . . . . . . . . . . . . . . . . . . . . . . . . . . . . . . . . . . . . . . . . Parts Stripped . | . . . . . . . . . . . . . . . . . . . . . . . . . . . . . . . . . . . . . . . . . . . Power Chain Reactions 5 | . . . . . . . . 1 . . . . . . 1 . . . . . 2 . . 1 . . . . . . . . . . . . . . . . . . Missiles Intercepted 1 | . . . . . . . . . . . . . . . . . . . . . . . . . . . . . . . . . . . . 1 . . . . . . Alert | -11 -10 -10 -9 -9 -9 -8 -8 -7 -7 -7 -7 -7 -7 -6 -6 -6 -6 -6 -6 -6 -6 -5 -5 -5 -5 -5 -5 -4 -4 -4 -4 -4 -4 -4 -3 -3 -3 -3 -2 -2 -2 -1 ------- Run | Scr Mat Min Mat Min Exi Min Mat Fac Was Fac Low Low Dat Pro Fac Was Fac Ext Cet Arc Hub Fac Was Fac Upp Upp War Pro Fac Was Fac Upp Upp Zhi Pro Res Arm Lab Res Tes Sec Acc Peak Influence 7576 | 20 260 56 530 70 . 140 511 631 151 516 . . . . 470 30 466 356 485 128 818 774 122 645 . . . . 865 117 659 . . . . 659 1089 . 1212 4970 7576 6015 Initial 3446 | . 9 1 . . . . 28 25 151 81 . . . . . 15 16 . 34 51 27 294 122 65 . . . . . 99 63 . . . . 28 256 . . 371 2099 3446 Average 805 | 10 77 9 228 30 . 112 194 223 151 99 . . . . 152 28 158 113 292 110 393 358 122 294 . . . . 201 109 259 . . . . 181 371 . 790 3829 6430 4350 Maximum Alert Level 5 | . 1 . 2 . . . 2 2 . 2 . . . . 2 . 2 1 2 . 3 3 . 2 . . . . 3 . 2 . . . . 2 3 . 4 5 5 5 Low Security (%) 52 | 100 87 100 45 100 . 100 47 56 100 85 . . . . 71 100 67 77 17 100 13 19 100 29 . . . . 68 100 38 . . . . 64 36 . 4 . . . Level 1 17 | . 12 . 43 . . . 39 25 . 11 . . . . 23 . 27 22 70 . 48 46 . 40 . . . . 10 . 36 . . . . 22 18 . . . . . Level 2 12 | . . . 10 . . . 12 17 . 3 . . . . 5 . 4 . 11 . 31 29 . 30 . . . . 13 . 25 . . . . 12 27 . 33 . . . Level 3 5 | . . . . . . . . . . . . . . . . . . . . . 6 4 . . . . . . 7 . . . . . . . 17 . 51 . . . Level 4 . | . . . . . . . . . . . . . . . . . . . . . . . . . . . . . . . . . . . . . . . 10 . . . Level 5 . | . . . . . . . . . . . . . . . . . . . . . . . . . . . . . . . . . . . . . . . . . . 43 High Security . | . . . . . . . . . . . . . . . . . . . . . . . . . . . . . . . . . . . . . . . . . . 56 Max Security 9 | . . . . . . . . . . . . . . . . . . . . . . . . . . . . . . . . . . . . . . . . 99 99 . Sterilizations 2 | . . . . . . . . . . . . . . . . . . . . . . . . . . . . . . . . . . . . . . . . 1 1 . Squads Dispatched 286 | . 2 . 6 . . . 6 13 . 27 . . . . 13 . 7 . . . 13 7 . 8 . 1 . . 17 . 17 . . . . 8 12 . 18 33 52 26 Investigation 59 | . 2 . 4 . . . 3 7 . 10 . . . . 5 . 2 . . . 1 4 . 5 . . . . 2 . 4 . . . . 7 1 . 1 . . 1 Extermination 48 | . . . . . . . . 3 . 11 . . . . 5 . 1 . . . 2 2 . 2 . . . . 6 . 6 . . . . . 9 . . . . 1 Reinforcement 35 | . . . 2 . . . 1 . . 3 . . . . 2 . 4 . . . 4 . . 1 . . . . 6 . 4 . . . . 1 1 . 1 . 2 3 Assault 97 | . . . . . . . . . . . . . . . . . . . . . 3 . . . . 1 . . 1 . . . . . . . 1 . . 30 43 18 Garrison 22 | . . . . . . . 2 3 . 3 . . . . 1 . . . . . 3 1 . . . . . . 2 . 3 . . . . . . . . 3 1 . Intercept 25 | . . . . . . . . . . . . . . . . . . . . . . . . . . . . . . . . . . . . . . . 16 . 6 3 Construction Impeded 9 | . . . . . . . . . . . . . . . . . 2 . . . 1 . . . . . . . 2 . 2 . . . . . . . . . . 2 Haulers Reinforced 8 | . . . . . . . . . . 1 . . . . 2 . 1 . . . . . . . . . . . 1 . 2 . . . . . . . . . . 1 Stealth | -11 -10 -10 -9 -9 -9 -8 -8 -7 -7 -7 -7 -7 -7 -6 -6 -6 -6 -6 -6 -6 -6 -5 -5 -5 -5 -5 -5 -4 -4 -4 -4 -4 -4 -4 -3 -3 -3 -3 -2 -2 -2 -1 --------- Run | Scr Mat Min Mat Min Exi Min Mat Fac Was Fac Low Low Dat Pro Fac Was Fac Ext Cet Arc Hub Fac Was Fac Upp Upp War Pro Fac Was Fac Upp Upp Zhi Pro Res Arm Lab Res Tes Sec Acc Distress Signals 50 | . 1 . 1 . . . . . . 2 . . . . 1 . 1 1 2 . 4 . . 2 . . 1 . 4 . 4 . . . . 11 1 . 8 2 1 3 Communications Jammed . | . . . . . . . . . . . . . . . . . . . . . . . . . . . . . . . . . . . . . . . . . . . Distress Signals . | . . . . . . . . . . . . . . . . . . . . . . . . . . . . . . . . . . . . . . . . . . . Times Spotted 1846 | . 13 2 43 5 . 9 30 41 6 83 10 9 . 7 74 6 34 13 19 3 79 21 . 46 16 23 45 24 106 1 87 17 23 . 22 50 85 4 103 203 357 127 Peak Tracking Total 43 | . 3 2 7 3 . 3 5 5 5 4 3 7 . 2 4 5 4 4 5 1 10 5 . 7 5 7 14 9 8 1 8 7 9 . 11 4 7 3 8 19 43 16 Tactical Retreats 77 | . . . 1 . . . 1 2 . 7 1 . . . 3 . 1 . . . 6 1 . 4 . 3 1 . 6 . 4 . . . . 1 3 . . 4 28 . Traps | -11 -10 -10 -9 -9 -9 -8 -8 -7 -7 -7 -7 -7 -7 -6 -6 -6 -6 -6 -6 -6 -6 -5 -5 -5 -5 -5 -5 -4 -4 -4 -4 -4 -4 -4 -3 -3 -3 -3 -2 -2 -2 -1 ------- Run | Scr Mat Min Mat Min Exi Min Mat Fac Was Fac Low Low Dat Pro Fac Was Fac Ext Cet Arc Hub Fac Was Fac Upp Upp War Pro Fac Was Fac Upp Upp Zhi Pro Res Arm Lab Res Tes Sec Acc Traps Triggered 45 | . 1 . . . . . 4 3 . 7 . . . . 7 . . 1 . . 1 1 . 3 . . . . 2 . 3 . . . . 1 3 . . 2 5 1 Indirectly . | . . . . . . . . . . . . . . . . . . . . . . . . . . . . . . . . . . . . . . . . . . . Trap Hack Attempts . | . . . . . . . . . . . . . . . . . . . . . . . . . . . . . . . . . . . . . . . . . . . Triggered . | . . . . . . . . . . . . . . . . . . . . . . . . . . . . . . . . . . . . . . . . . . . Disarmed 26 | . 1 . . . . . . . . 14 . . . . . . 2 . . . . . . . . . . . . . 9 . . . . . . . . . . . Reprogrammed 85 | . . . 20 . . . . . . 24 . . . . 6 . . 8 . . . . . . . . . . 5 . 11 . . . . . 11 . . . . . Reused 17 | . . . 1 1 . . . . . 10 . . . . . . . . . . . . . . . . . . 1 . 1 . . . . . 3 . . . . . Traps Extracted . | . . . . . . . . . . . . . . . . . . . . . . . . . . . . . . . . . . . . . . . . . . . Installed 3 | . . . . 3 . . . . . . . . . . . . . . . . . . . . . . . . . . . . . . . . . . . . . . Triggered 34 | . . . 1 1 . . . . . 10 . . . . . . . . . . . . . . 1 . 13 . 2 . 1 . . . . 2 3 . . . . . Machines | -11 -10 -10 -9 -9 -9 -8 -8 -7 -7 -7 -7 -7 -7 -6 -6 -6 -6 -6 -6 -6 -6 -5 -5 -5 -5 -5 -5 -4 -4 -4 -4 -4 -4 -4 -3 -3 -3 -3 -2 -2 -2 -1 ---------- Run | Scr Mat Min Mat Min Exi Min Mat Fac Was Fac Low Low Dat Pro Fac Was Fac Ext Cet Arc Hub Fac Was Fac Upp Upp War Pro Fac Was Fac Upp Upp Zhi Pro Res Arm Lab Res Tes Sec Acc Machines Disabled 104 | . . . . . . . . 4 . 9 1 1 . 1 2 . 4 1 1 2 9 . . 3 1 . . . 7 . 13 . 1 . 1 2 9 4 1 4 20 3 Max in Single Turn 5 | . . . . . . . . 2 . 3 1 1 . 1 . . 4 1 . 1 5 . . 3 1 . . . 4 . 3 . 1 . 1 2 2 2 1 2 4 1 Garrison Access 14 | . . . . . . . 1 . . 3 . . . . 2 . . . . . 1 . . 1 . . . . 2 . 2 . . . . 1 . . . . 1 . Network Hub 4 | . . . . . . . . . . . . . . . . . . . . . 4 . . . . . . . . . . . . . . . . . . . . . Machines Sabotaged . | . . . . . . . . . . . . . . . . . . . . . . . . . . . . . . . . . . . . . . . . . . . Garrisons Compromised . | . . . . . . . . . . . . . . . . . . . . . . . . . . . . . . . . . . . . . . . . . . . Overloaded Fab Kills 1 | . . . . . . . . . . . . . . . 1 . . . . . . . . . . . . . . . . . . . . . . . . . . . Fab Network Shutdowns 8 | . . . . . . . . 1 . 1 . . . . 1 . . . . . . 1 . 1 . . . . 1 . 1 . . . . . 1 . . . . . Hacking | -11 -10 -10 -9 -9 -9 -8 -8 -7 -7 -7 -7 -7 -7 -6 -6 -6 -6 -6 -6 -6 -6 -5 -5 -5 -5 -5 -5 -4 -4 -4 -4 -4 -4 -4 -3 -3 -3 -3 -2 -2 -2 -1 --------- Run | Scr Mat Min Mat Min Exi Min Mat Fac Was Fac Low Low Dat Pro Fac Was Fac Ext Cet Arc Hub Fac Was Fac Upp Upp War Pro Fac Was Fac Upp Upp Zhi Pro Res Arm Lab Res Tes Sec Acc Machines Accessed 298 | . 10 1 12 1 . . 9 20 . 37 1 . 4 1 34 . 13 5 3 1 6 12 . 16 2 1 11 . 22 . 30 2 . 6 1 14 15 2 3 . . 3 Terminals 148 | . 7 1 7 1 . . 5 7 . 18 1 . . . 17 . 9 5 3 . 5 6 . 7 1 . . . 10 . 19 1 . . 1 4 10 . 1 . . 2 Fabricators 27 | . . . . . . . . 2 . 5 . . . . 5 . . . . . . 1 . 3 . . . . 3 . 2 . . . . 1 5 . . . . . Repair Stations 12 | . 1 . 2 . . . . 1 . 1 . . . . 1 . 1 . . . . 1 . . . . . . 1 . 2 . . . . 1 . . . . . . Recycling Units 40 | . 2 . 1 . . . 1 6 . 6 . . . . 5 . 3 . . . . 2 . 3 . . . . 4 . 3 . . . . 3 . . . . . 1 Scanalyzers 24 | . . . 2 . . . 2 2 . 4 . . . . 3 . . . . . . 2 . 2 . . . . 2 . 1 . . . . 4 . . . . . . Garrison Access 19 | . . . . . . . 1 2 . 3 . . . . 3 . . . . . 1 . . 1 . . . . 2 . 3 . . . . 1 . . 2 . . . Total Hacks 1606 | . 35 2 60 2 . . 38 79 . 273 1 . 27 1 101 . 38 29 10 25 34 72 . 89 5 1 26 . 199 . 187 8 . 18 5 71 119 20 18 . . 13 Successful 1259 | . 20 2 52 2 . . 29 70 . 235 1 . 27 1 85 . 32 20 8 25 24 50 . 58 5 1 26 . 144 . 145 8 . 18 5 44 88 20 10 . . 4 Failed 347 | . 15 . 8 . . . 9 9 . 38 . . . . 16 . 6 9 2 . 10 22 . 31 . . . . 55 . 42 . . . . 27 31 . 8 . . 9 Catastrophic 23 | . . . . . . . . . . 1 . . . . . . . . . . . . . 6 . . . . 4 . 7 . . . . 2 3 . . . . . Database Lockouts . | . . . . . . . . . . . . . . . . . . . . . . . . . . . . . . . . . . . . . . . . . . . Manual 792 | . 13 2 35 1 1 . 19 45 . 142 . . . . 48 . 10 7 1 . 13 32 . 45 . . 1 . 152 . 104 . . . . 31 63 1 16 . . 10 Terminals 1022 | . 25 2 47 2 . . 28 49 . 184 1 . . . 58 . 29 29 10 . 32 43 . 47 4 . . . 140 . 156 7 . . 5 26 85 . 5 . . 8 Fabricators 150 | . . . . . . . . 7 . 28 . . . . 16 . . . . . . 8 . 21 . . . . 24 . 10 . . . . 2 34 . . . . . Repair Stations 14 | . 1 . 2 . . . . 1 . 2 . . . . 1 . 1 . . . . 2 . . . . . . 1 . 2 . . . . 1 . . . . . . Recycling Units 125 | . 9 . 2 . . . 3 15 . 24 . . . . 13 . 8 . . . . 5 . 7 . . . . 11 . 9 . . . . 14 . . . . . 5 Scanalyzers 102 | . . . 9 . . . 2 2 . 20 . . . . 9 . . . . . . 14 . 11 . . . . 11 . 3 . . . . 21 . . . . . . Garrison Access 73 | . . . . . . . 5 5 . 15 . . . . 4 . . . . . 2 . . 3 . . . . 12 . 7 . . . . 7 . . 13 . . . Terminal Hacks 678 | . 9 1 34 1 . . 16 30 . 119 1 . 27 1 25 . 20 17 8 25 16 19 . 21 5 1 26 . 71 . 81 8 . 18 5 7 42 20 2 . . 2 Record 114 | . . . . . . . 1 . . . 1 . 11 1 . . . . 7 25 . 3 . . 4 . 15 . 2 . 3 7 . 7 5 . 2 20 . . . . Part Schematic 104 | . . . 1 . . . 2 13 . 26 . . 8 . 3 . 2 5 . . 2 4 . 4 . . . . 12 . 13 . . 4 . . 5 . . . . . Robot Schematic 12 | . . . . . . . . . . 3 . . 5 . . . . 2 . . . . . . . . . . . . 1 . . . . . 1 . . . . . Robot Analysis 65 | . 2 . . . . . 1 1 . 16 . . . . 2 . 1 . . . . 2 . 1 . . . . 31 . 4 . . 3 . . 1 . . . . . Prototype ID Bank 92 | . 1 . 9 . . . . 1 . 30 . . 3 . 4 . 2 1 . . 2 1 . . . . 10 . 2 . 16 . . 4 . 1 4 . 1 . . . Open Door 6 | . . . . . . . . . . . . . . . . . 1 . 1 . . . . . 1 1 1 . . . . 1 . . . . . . . . . . Level Access Points 8 | . . . 1 . . . 1 . . . . . . . 1 . . 1 . . . . . . . . . . 1 . 1 . . . . . 1 . . . . 1 Branch Access Points 15 | . . . 1 . . . 1 1 . 1 . . . . 1 . 1 1 . . . . . 2 . . . . 2 . 2 . . . . 1 1 . . . . . Emergency Access Points 5 | . . . . . . . 1 . . 1 . . . . . . . . . . . . . . . . . . . . 2 . . . . . 1 . . . . . Machine Index 9 | . 1 . 1 . . . . 1 . . . . . . 1 . . . . . . . . 1 . . . . 1 . 2 . . . . . 1 . . . . . Terminal Index 9 | . . . 1 . . . . 1 . 1 . . . . . . 1 . . . 1 1 . 1 . . . . . . 1 . . . . . 1 . . . . . Fabricator Index 5 | . . . . . . . . . . 2 . . . . . . 1 . . . . . . . . . . . . . 1 . . . . . 1 . . . . . Repair Station Index 2 | . . . . . . . . . . 1 . . . . . . . . . . 1 . . . . . . . . . . . . . . . . . . . . . Recycling Unit Index 4 | . . . 1 . . . . . . . . . . . 1 . . . . . . . . . . . . . . . 1 . . . . . 1 . . . . . Garrison Index 2 | . . . . . . . . . . . . . . . . . . . . . . . . . . . . . . . 1 . . . . . 1 . . . . . Alert Level 22 | . . . . . . . . . . 2 . . . . 1 . . 1 . . 1 1 . 2 . . . . 3 . 5 . . . . 1 4 . 1 . . . Unreport Threat 56 | . 1 . 6 . . . 7 3 . 4 . . . . 2 . 5 . . . 2 4 . 5 . . . . 7 . 7 . . . . . 3 . . . . . Locate Traps 47 | . 2 . 4 . . . 1 4 . 11 . . . . 4 . 2 2 . . 1 1 . 2 . . . . . . 5 . . . . 2 5 . . . . 1 Disarm Traps 8 | . 1 . . . . . . . . 3 . . . . . . 2 . . . . . . . . . . . . . 2 . . . . . . . . . . . Reprogram Traps 24 | . . . 5 . . . . . . 6 . . . . 1 . . 2 . . . . . . . . . . 3 . 3 . . . . . 4 . . . . . Dispatch Records 2 | . . . . . . . . . . 1 . . . . . . . . . . . . . . . . . . . . 1 . . . . . . . . . . . Security Status 2 | . . . . . . . . . . 1 . . . . . . . . . . . . . 1 . . . . . . . . . . . . . . . . . . Recall Investigation 1 | . . . . . . . . . . . . . . . . . . . . . . . . . . . . . 1 . . . . . . . . . . . . . Recall Reinforcements 2 | . . . . . . . . . . 1 . . . . . . . . . . 1 . . . . . . . . . . . . . . . . . . . . . Recall Assault 1 | . . . . . . . . . . . . . . . . . . . . . 1 . . . . . . . . . . . . . . . . . . . . . Hauler Manifests 2 | . . . . . . . . . . . . . . . . . . . . . . . . . . . . . 1 . 1 . . . . . . . . . . . Registered Components 6 | . 1 . . . . . . . . . . . . . . . 1 1 . . . . . . . . . . 1 . 1 . . . . . 1 . . . . . Registered Prototypes 4 | . . . 1 . . . . . . . . . . . . . . . . . . . . 1 . . . . . . 1 . . . . . 1 . . . . . Zone Layout 49 | . . 1 3 1 . . 1 5 . 9 . . . . 4 . 1 1 . . 4 2 . 1 . . . . 4 . 7 . . . . 2 3 . . . . . Fabricator Hacks 79 | . . . . . . . . 4 . 17 . . . . 8 . . . . . . 3 . 10 . . . . 12 . 6 . . . . . 19 . . . . . Network Status 11 | . . . . . . . . . . 3 . . . . 2 . . . . . . 1 . 2 . . . . 1 . . . . . . . 2 . . . . . Load Schematic 28 | . . . . . . . . 1 . 5 . . . . 3 . . . . . . 1 . 4 . . . . 5 . 2 . . . . . 7 . . . . . Build 40 | . . . . . . . . 3 . 9 . . . . 3 . . . . . . 1 . 4 . . . . 6 . 4 . . . . . 10 . . . . . Repair Station Hacks 1 | . . . . . . . . . . 1 . . . . . . . . . . . . . . . . . . . . . . . . . . . . . . . . Scan Component 1 | . . . . . . . . . . 1 . . . . . . . . . . . . . . . . . . . . . . . . . . . . . . . . Recycling Unit Hacks 68 | . 2 . 1 . . . 2 11 . 17 . . . . 7 . 3 . . . . 2 . 3 . . . . 7 . 5 . . . . 8 . . . . . . Process 9 | . . . . . . . . 1 . 4 . . . . . . . . . . . . . . . . . . 1 . 1 . . . . 2 . . . . . . Report Inventory 46 | . 2 . 1 . . . 1 7 . 10 . . . . 6 . 2 . . . . 2 . 3 . . . . 5 . 3 . . . . 4 . . . . . . Retrieve Matter 4 | . . . . . . . . . . 1 . . . . . . . . . . . . . . . . . . 1 . . . . . . 2 . . . . . . Retrieve Components 9 | . . . . . . . 1 3 . 2 . . . . 1 . 1 . . . . . . . . . . . . . 1 . . . . . . . . . . . Scanalyzer 62 | . . . 7 . . . . . . 16 . . . . 7 . . . . . . 10 . 4 . . . . 8 . . . . . . 10 . . . . . . Insert Component 29 | . . . 2 . . . . . . 6 . . . . 4 . . . . . . 6 . 3 . . . . 3 . . . . . . 5 . . . . . . Analyze 33 | . . . 5 . . . . . . 10 . . . . 3 . . . . . . 4 . 1 . . . . 5 . . . . . . 5 . . . . . . Garrison Access Hacks 12 | . . . . . . . 1 . . 3 . . . . 2 . . . . . . . . 1 . . . . 2 . 2 . . . . 1 . . . . . . Seal Access 12 | . . . . . . . 1 . . 3 . . . . 2 . . . . . . . . 1 . . . . 2 . 2 . . . . 1 . . . . . . Unauthorized Hacks 359 | . 9 1 10 1 . . 10 25 . 62 . . . . 36 . 9 3 . . 8 16 . 19 . . . . 44 . 51 . . . . 18 27 . 8 . . 2 Terminals 181 | . 4 1 5 1 . . 4 11 . 28 . . . . 21 . 4 3 . . 6 8 . 7 . . . . 21 . 35 . . . . 4 17 . 1 . . . Track 43 | . . . . 1 . . 1 2 . 5 . . . . 4 . . 1 . . 2 1 . 3 . . . . 7 . 10 . . . . 1 5 . . . . . Assimilate 16 | . . . . . . . . 1 . 5 . . . . 1 . 1 . . . . 1 . . . . . . 2 . 5 . . . . . . . . . . . Botnet 90 | . 4 . 4 . . . 2 6 . 15 . . . . 12 . 3 1 . . 2 4 . 2 . . . . 9 . 15 . . . . 2 8 . 1 . . . Detonate 3 | . . . . . . . . . . . . . . . 1 . . . . . . . . 1 . . . . . . 1 . . . . . . . . . . . Disrupt 12 | . . 1 . . . . . . . 2 . . . . 1 . . 1 . . 2 . . . . . . . 1 . 1 . . . . . 3 . . . . . Operators 17 | . . . 1 . . . 1 2 . 1 . . . . 2 . . . . . . 2 . 1 . . . . 2 . 3 . . . . 1 1 . . . . . Fabricators 54 | . . . . . . . . 2 . 10 . . . . 7 . . . . . . 3 . 8 . . . . 8 . 4 . . . . 2 10 . . . . . Report 9 | . . . . . . . . . . 3 . . . . 2 . . . . . . . . . . . . . 1 . 1 . . . . 1 1 . . . . . Prioritize 16 | . . . . . . . . 1 . 2 . . . . 1 . . . . . . 1 . 3 . . . . 3 . 1 . . . . . 4 . . . . . Siphon 16 | . . . . . . . . 1 . 2 . . . . 1 . . . . . . 1 . 3 . . . . 3 . 1 . . . . . 4 . . . . . Haulers 9 | . . . . . . . . . . 3 . . . . 2 . . . . . . . . . . . . . 1 . 1 . . . . 1 1 . . . . . Overload 4 | . . . . . . . . . . . . . . . 1 . . . . . . 1 . 2 . . . . . . . . . . . . . . . . . . Repair Stations 12 | . 1 . 2 . . . . 1 . 1 . . . . 1 . 1 . . . . 1 . . . . . . 1 . 2 . . . . 1 . . . . . . Mechanics 12 | . 1 . 2 . . . . 1 . 1 . . . . 1 . 1 . . . . 1 . . . . . . 1 . 2 . . . . 1 . . . . . . Recycling Units 46 | . 4 . 1 . . . 1 4 . 7 . . . . 5 . 4 . . . . 3 . 2 . . . . 4 . 4 . . . . 5 . . . . . 2 Monitor 14 | . 1 . . . . . . . . 1 . . . . 2 . 1 . . . . 1 . 1 . . . . 2 . 2 . . . . 2 . . . . . 1 Recyclers 14 | . 1 . . . . . . . . 1 . . . . 2 . 1 . . . . 1 . 1 . . . . 2 . 2 . . . . 2 . . . . . 1 Tunnel 18 | . 2 . 1 . . . 1 4 . 5 . . . . 1 . 2 . . . . 1 . . . . . . . . . . . . . 1 . . . . . . Scanalyzers 22 | . . . 2 . . . 2 2 . 4 . . . . 1 . . . . . . 1 . 2 . . . . 2 . 2 . . . . 4 . . . . . . Researchers 2 | . . . . . . . . . . . . . . . . . . . . . . . . . . . . . 1 . 1 . . . . . . . . . . . Extract 20 | . . . 2 . . . 2 2 . 4 . . . . 1 . . . . . . 1 . 2 . . . . 1 . 1 . . . . 4 . . . . . . Garrison Access 44 | . . . . . . . 3 5 . 12 . . . . 1 . . . . . 2 . . . . . . . 8 . 4 . . . . 2 . . 7 . . . Broadcast 9 | . . . . . . . 1 1 . 2 . . . . . . . . . . . . . . . . . . 1 . 1 . . . . 1 . . 2 . . . Decoy 2 | . . . . . . . . . . 1 . . . . . . . . . . . . . . . . . . 1 . . . . . . . . . . . . . Redirect 2 | . . . . . . . . . . 1 . . . . . . . . . . . . . . . . . . 1 . . . . . . . . . . . . . Reprogram 17 | . . . . . . . 1 2 . 4 . . . . 1 . . . . . 1 . . . . . . . 3 . 1 . . . . 1 . . 3 . . . Intercept 7 | . . . . . . . . 1 . 2 . . . . . . . . . . 1 . . . . . . . 1 . 1 . . . . . . . 1 . . . Watchers 7 | . . . . . . . 1 1 . 2 . . . . . . . . . . . . . . . . . . 1 . 1 . . . . . . . 1 . . . Data Cores Recovered 16 | . . . . . . . 1 . . 2 . . . . 3 . 1 1 . . 2 2 . . . . . . 1 . 3 . . . . . . . . . . . Used 10 | . . . . . . . 1 . . 1 . . . . 2 . 1 1 . . 1 . . . . . . . 1 . 2 . . . . . . . . . . . Hacking Detections 184 | . 7 . 7 . . . 4 15 . 26 1 . . . 19 . 9 5 4 . 5 8 . 10 . . . . 17 . 17 . . . 1 9 14 . 3 . . 3 Full Trace Events 9 | . . . 1 . . . . . . 1 . . . . 1 . . . . . . . . . . . . . 1 . 2 . . . . . 1 . 1 . . 1 Feedback Events 2 | . . . . . . . . . . . . . . . . . . . . . . . . . . . . . 2 . . . . . . . . . . . . . Hackware Fried 2 | . . . . . . . . . . . . . . . . . . . . . . . . . . . . . 2 . . . . . . . . . . . . . Feedback Blocked . | . . . . . . . . . . . . . . . . . . . . . . . . . . . . . . . . . . . . . . . . . . . Robot Schematics Acquired 12 | . . . . . . . . . . 3 . . 5 . . . . 2 . . . . . . . . . . . . 1 . . . . . 1 . . . . . Robots Built 4 | . . . . . . . . . . . . . . . . . . . . . . . . . . . . . . . . . . . . . 4 . . . . . Matter 566 | . . . . . . . . . . . . . . . . . . . . . . . . . . . . . . . . . . . . . 566 . . . . . Time 66 | . . . . . . . . . . . . . . . . . . . . . . . . . . . . . . . . . . . . . 66 . . . . . Total Robot Build Rating 18 | . . . . . . . . . . . . . . . . . . . . . . . . . . . . . . . . . . . . . 18 . . . . . Part Schematics Acquired 187 | . . . 10 . . . 10 22 . 43 . . 8 . 10 . 2 5 . . 2 9 . 11 . . . . 22 . 14 . . 4 . 10 5 . . . . . Parts Built 42 | . . . . . . . . 3 . 10 . . . . 6 . . . . . . 1 . 5 . . . . 6 . 4 . . . . . 7 . . . . . Matter 8103 | . . . . . . . . 492 . 1214 . . . . 525 . . . . . . 288 . 668 . . . . 1678 . 1152 . . . . . 2086 . . . . . Time 1218 | . . . . . . . . 87 . 183 . . . . 87 . . . . . . 51 . 110 . . . . 263 . 136 . . . . . 301 . . . . . Total Part Build Rating 264 | . . . . . . . . 9 . 35 . . . . 42 . . . . . . 8 . 33 . . . . 46 . 32 . . . . . 59 . . . . . Parts Repaired . | . . . . . . . . . . . . . . . . . . . . . . . . . . . . . . . . . . . . . . . . . . . Time . | . . . . . . . . . . . . . . . . . . . . . . . . . . . . . . . . . . . . . . . . . . . Parts Recycled . | . . . . . . . . . . . . . . . . . . . . . . . . . . . . . . . . . . . . . . . . . . . Recycled Matter 3123 | . . . . . . . . 420 . 1118 . . . . . . . . . . . . . . . . . . 282 . 138 . . . . 1165 . . . . . . Retrieved Matter 1785 | . . . . . . . . . . 185 . . . . . . . . . . . . . . . . . . 282 . . . . . . 1318 . . . . . . Retrieved Components 43 | . . . . . . . 3 10 . 19 . . . . 10 . . . . . . . . . . . . . . . 1 . . . . . . . . . . . Parts Scanalyzed 23 | . . . 2 . . . . . . 6 . . . . 3 . . . . . . 4 . 1 . . . . 3 . . . . . . 4 . . . . . . Part Schematics Acquired 21 | . . . 2 . . . . . . 6 . . . . 2 . . . . . . 4 . 1 . . . . 3 . . . . . . 3 . . . . . . Parts Damaged 2 | . . . . . . . . . . . . . . . . . . . . . . . . . . . . . 1 . . . . . . 1 . . . . . . Bothacking | -11 -10 -10 -9 -9 -9 -8 -8 -7 -7 -7 -7 -7 -7 -6 -6 -6 -6 -6 -6 -6 -6 -5 -5 -5 -5 -5 -5 -4 -4 -4 -4 -4 -4 -4 -3 -3 -3 -3 -2 -2 -2 -1 ------------ Run | Scr Mat Min Mat Min Exi Min Mat Fac Was Fac Low Low Dat Pro Fac Was Fac Ext Cet Arc Hub Fac Was Fac Upp Upp War Pro Fac Was Fac Upp Upp Zhi Pro Res Arm Lab Res Tes Sec Acc Used RIF Installer . | . . . . . . . . . . . . . . . . . . . . . . . . . . . . . . . . . . . . . . . . . . . Robots Hacked 4 | . . . . . . . . 2 . . . . . . 1 . . . . . . . . . . . . . 1 . . . . . . . . . . . . . Non-combat 4 | . . . . . . . . 2 . . . . . . 1 . . . . . . . . . . . . . 1 . . . . . . . . . . . . . Combat . | . . . . . . . . . . . . . . . . . . . . . . . . . . . . . . . . . . . . . . . . . . . Robot Hacks Applied 4 | . . . . . . . . 2 . . . . . . 1 . . . . . . . . . . . . . 1 . . . . . . . . . . . . . find_chute 4 | . . . . . . . . 2 . . . . . . 1 . . . . . . . . . . . . . 1 . . . . . . . . . . . . . Relay Couplers Released 16 | . . . . . . . . 4 . . . . . . . . . . . . 1 . . 2 . . . . . . . . . . . 2 . . 5 . 2 . Machine Destruction 3 | . . . . . . . . . . . . . . . . . . . . . 1 . . . . . . . . . . . . . . . . . . . 2 . Programmers 13 | . . . . . . . . 4 . . . . . . . . . . . . . . . 2 . . . . . . . . . . . 2 . . 5 . . . Robots Rewired 23 | . . . . . . . . . . . . 2 . . . . . . . . . . . . . . 4 . . . . . 2 . . . 15 . . . . . Allies Hacked 9 | . . . . . . . . . . 1 . . . . . . 1 . . . . . . . . . . . . . 5 . . . . . 2 . . . . . Hacks Repelled . | . . . . . . . . . . . . . . . . . . . . . . . . . . . . . . . . . . . . . . . . . . . Allies | -11 -10 -10 -9 -9 -9 -8 -8 -7 -7 -7 -7 -7 -7 -6 -6 -6 -6 -6 -6 -6 -6 -5 -5 -5 -5 -5 -5 -4 -4 -4 -4 -4 -4 -4 -3 -3 -3 -3 -2 -2 -2 -1 -------- Run | Scr Mat Min Mat Min Exi Min Mat Fac Was Fac Low Low Dat Pro Fac Was Fac Ext Cet Arc Hub Fac Was Fac Upp Upp War Pro Fac Was Fac Upp Upp Zhi Pro Res Arm Lab Res Tes Sec Acc Total Allies 100 | . . . . . . . 2 6 . 6 . 2 . 1 . . 1 11 5 . . . . . . . 4 . 10 20 4 . 2 . . . 19 . 4 . . 3 Largest Group 20 | . . . . . . . 2 3 . 4 . 2 2 3 3 . 1 10 12 8 4 . . . . . 4 . 3 20 18 1 2 . . . 19 5 4 . . 3 Highest-Rated Group 959 | . . . . . . . 32 36 . 74 . 48 48 142 142 . 26 411 791 582 308 . . . . . 215 . 141 856 789 26 95 . . . 959 250 190 . . 366 Highest-Rated Ally 156 | . . . . . . . 16 26 . 38 . 32 32 94 94 . 26 156 156 140 94 . . . . . 60 . 49 50 50 26 48 . . . 60 50 69 . . 131 Total Orders 32 | . . . . . . . . . . 12 . . . . . . . . . . . . . . . . 1 . . . 10 1 . . . . 8 . . . . . STAY 16 | . . . . . . . . . . 6 . . . . . . . . . . . . . . . . 1 . . . 5 . . . . . 4 . . . . . ROAM 1 | . . . . . . . . . . . . . . . . . . . . . . . . . . . . . . . . 1 . . . . . . . . . . FOLLOW 15 | . . . . . . . . . . 6 . . . . . . . . . . . . . . . . . . . . 5 . . . . . 4 . . . . . Ally Attacks 534 | . . . . . . . 6 49 . 30 . . . 1 16 . . 27 79 14 16 . . . . . 10 . 63 4 158 . 3 . . . 30 9 19 . . . Total Damage 14337 | . . . . . . . 72 586 . 1499 . . . 10 466 . . 510 1682 455 461 . . . . . 266 . 1661 363 3954 . 114 . . . 1226 320 692 . . . Kills 72 | . . . . . . . 1 5 . 11 . . . . 2 . . 3 11 1 1 . . . . . . . 9 3 19 . . . . . 3 . 3 . . . Allies Corrupted 10 | . . . . . . . . . . . . . . . . . . . . . 2 . . . . . . . . . 3 . . . . . 3 2 . . . . Allies Melted 2 | . . . . . . . . . . . . . . . 1 . . . . . 1 . . . . . . . . . . . . . . . . . . . . . Intel | -11 -10 -10 -9 -9 -9 -8 -8 -7 -7 -7 -7 -7 -7 -6 -6 -6 -6 -6 -6 -6 -6 -5 -5 -5 -5 -5 -5 -4 -4 -4 -4 -4 -4 -4 -3 -3 -3 -3 -2 -2 -2 -1 ------- Run | Scr Mat Min Mat Min Exi Min Mat Fac Was Fac Low Low Dat Pro Fac Was Fac Ext Cet Arc Hub Fac Was Fac Upp Upp War Pro Fac Was Fac Upp Upp Zhi Pro Res Arm Lab Res Tes Sec Acc Robot Analysis Total 65 | . 2 . . . . . 1 1 . 16 . . . . 2 . 1 . . . . 2 . 1 . . . . 31 . 4 . . 3 . . 1 . . . . . Derelict Logs Recovered 13 | . . . . . . . . . . . 1 1 . 1 . . . . . . . . . . 2 2 . 3 . . . 2 1 . . . . . . . . . Drone Launches . | . . . . . . . . . . . . . . . . . . . . . . . . . . . . . . . . . . . . . . . . . . . Drone Recoveries . | . . . . . . . . . . . . . . . . . . . . . . . . . . . . . . . . . . . . . . . . . . . Exploration | -11 -10 -10 -9 -9 -9 -8 -8 -7 -7 -7 -7 -7 -7 -6 -6 -6 -6 -6 -6 -6 -6 -5 -5 -5 -5 -5 -5 -4 -4 -4 -4 -4 -4 -4 -3 -3 -3 -3 -2 -2 -2 -1 ------------- Run | Scr Mat Min Mat Min Exi Min Mat Fac Was Fac Low Low Dat Pro Fac Was Fac Ext Cet Arc Hub Fac Was Fac Upp Upp War Pro Fac Was Fac Upp Upp Zhi Pro Res Arm Lab Res Tes Sec Acc Turns Passed 63843 | 108 907 492 1082 596 388 575 791 1921 246 8708 1562 1003 105 1140 4493 384 1283 928 414 169 1524 634 206 1622 1375 1325 1516 1290 4515 376 2869 1298 1209 150 1127 1988 4614 612 2924 1205 3308 861 Spaces Moved 57872 | 81 861 529 805 612 419 589 605 1552 181 7540 1405 856 91 1017 4113 335 1231 873 308 147 1172 556 224 1409 1486 1434 1446 1229 3806 338 2542 1392 1308 156 1222 1949 3978 570 2760 1060 3022 663 Core 17 | 17 . . . . . . . . . . . . . . . . . . . . . . . . . . . . . . . . . . . . . . . . . . Treads . | . . . . . . . . . . . . . . . . . . . . . . . . . . . . . . . . . . . . . . . . . . . Legs . | . . . . . . . . . . . . . . . . . . . . . . . . . . . . . . . . . . . . . . . . . . . Wheels 57855 | 64 861 529 805 612 419 589 605 1552 181 7540 1405 856 91 1017 4113 335 1231 873 308 147 1172 556 224 1409 1486 1434 1446 1229 3806 338 2542 1392 1308 156 1222 1949 3978 570 2760 1060 3022 663 Hover . | . . . . . . . . . . . . . . . . . . . . . . . . . . . . . . . . . . . . . . . . . . . Flight . | . . . . . . . . . . . . . . . . . . . . . . . . . . . . . . . . . . . . . . . . . . . Fastest Speed 50 | 50 80 90 90 90 90 90 90 90 100 92 106 106 106 100 90 90 90 90 90 90 90 90 90 90 90 90 90 100 90 100 90 90 90 90 90 90 90 90 90 90 90 91 Average Speed 94 | 79 81 90 90 90 90 90 90 90 100 100 106 106 106 100 97 90 90 90 90 90 93 90 90 90 90 90 95 100 98 100 92 90 90 90 90 90 90 90 90 90 95 99 Slowest Speed 110 | 100 90 90 90 90 90 90 90 90 100 106 106 106 106 110 100 90 90 90 90 90 100 90 90 90 90 90 100 100 100 100 100 90 90 90 90 100 90 90 90 100 101 101 Overloaded Moves . | . . . . . . . . . . . . . . . . . . . . . . . . . . . . . . . . . . . . . . . . . . . Propulsion Burnouts . | . . . . . . . . . . . . . . . . . . . . . . . . . . . . . . . . . . . . . . . . . . . Robots Hopped . | . . . . . . . . . . . . . . . . . . . . . . . . . . . . . . . . . . . . . . . . . . . Cave-ins Triggered 2 | . . . . . . . . . . . . . . . . . . . . . . . . . . . . . . . . . . . . . . . 1 . 1 . Teleports 3 | . . . . . . . . . . . . . . . . . . . . . . . . . . . . . . . . . . . . . 1 . . . 1 1 Exploration Rate (%) 80 | 4 95 99 82 98 92 99 47 40 92 95 99 89 73 98 77 100 40 97 89 99 92 19 96 36 99 99 97 98 79 96 67 99 99 62 98 61 99 100 54 89 98 18 Regions Visited 42 Branch Regions 24 Pre-discovered Areas 26 | . 2 . 1 1 . . 1 4 . 5 . . 1 . 1 . 2 . . . . 1 . . 1 . . 1 . . . . 1 3 . 1 . . . . . . Known Exits Taken 34 | 1 1 1 1 1 1 1 1 . . 1 1 1 1 1 . . 1 1 1 1 1 . . 1 1 1 1 1 . . 1 1 1 1 1 1 1 1 1 1 1 . Unknown Exits Taken . | . . . . . . . . . . . . . . . . . . . . . . . . . . . . . . . . . . . . . . . . . . . Scrap Searched 39 | . . . . 1 . . . . . . 9 3 . 2 . . . . . . . . . . 4 2 . 5 . . . 5 4 . 4 . . . . . . . Spaces Dug 313 | . . . . . . . . 1 . 4 . . . . 1 . . . . . . . . 2 . . 5 . 17 . 8 . . . . 6 115 8 94 3 46 3 Terrain Destroyed 1586 | . . . . . 1 . . 3 . 67 . . . . 1 . 43 . . . 515 . . 35 . . 16 . 67 . 161 . 3 . . 19 175 55 325 3 94 3 Melee 3 | . . . . . . . . . . . . . . . . . . . . . . . . 2 . . . . 1 . . . . . . . . . . . . . Projectile 242 | . . . . . 1 . . 1 . 10 . . . . 1 . 2 . . . . . . . . . 16 . 23 . 9 . 3 . . 19 59 12 39 3 41 3 AOE 1341 | . . . . . . . . 2 . 57 . . . . . . 41 . . . 515 . . 33 . . . . 43 . 152 . . . . . 116 43 286 . 53 . Terrain Rammed . | . . . . . . . . . . . . . . . . . . . . . . . . . . . . . . . . . . . . . . . . . . . Walls Destroyed . | . . . . . . . . . . . . . . . . . . . . . . . . . . . . . . . . . . . . . . . . . . . Machines Disabled . | . . . . . . . . . . . . . . . . . . . . . . . . . . . . . . . . . . . . . . . . . . . Actions | -11 -10 -10 -9 -9 -9 -8 -8 -7 -7 -7 -7 -7 -7 -6 -6 -6 -6 -6 -6 -6 -6 -5 -5 -5 -5 -5 -5 -4 -4 -4 -4 -4 -4 -4 -3 -3 -3 -3 -2 -2 -2 -1 --------- Run | Scr Mat Min Mat Min Exi Min Mat Fac Was Fac Low Low Dat Pro Fac Was Fac Ext Cet Arc Hub Fac Was Fac Upp Upp War Pro Fac Was Fac Upp Upp Zhi Pro Res Arm Lab Res Tes Sec Acc Total 67295 | 107 974 538 1010 643 428 613 790 2008 219 8735 1488 952 99 1134 4631 421 1411 1016 449 185 1567 699 228 1755 1528 1474 1599 1295 4615 377 3083 1441 1344 165 1253 2193 4991 661 3194 1414 3571 997 Wait 3959 | . 17 . 49 . . 5 103 323 2 459 4 72 9 88 155 64 92 110 89 32 154 72 . 213 1 1 9 8 399 23 258 5 . . . 89 763 32 161 61 19 18 Move 57831 | 80 860 528 804 611 418 588 604 1552 180 7539 1404 855 90 1016 4113 334 1230 872 307 146 1171 556 223 1408 1485 1433 1445 1228 3806 337 2541 1391 1307 155 1221 1948 3977 569 2758 1059 3020 662 Hop . | . . . . . . . . . . . . . . . . . . . . . . . . . . . . . . . . . . . . . . . . . . . Pick Up 625 | 7 7 2 5 5 2 1 6 16 2 222 19 1 . 1 77 2 2 . . . 8 8 1 6 . 1 8 3 86 2 49 . . 4 1 15 8 7 1 4 22 14 Fast Attach 157 | 2 . 1 5 1 1 . 1 . 1 18 3 . . . 9 . 1 . 8 . 3 1 1 3 2 . 19 . 3 . 2 . . . . . 4 5 11 9 31 12 Attach 148 | 7 5 . 6 1 1 1 6 8 2 11 2 1 . 1 8 . . . . . 10 6 . 2 . . 6 2 9 . 1 1 . 2 . 5 4 4 1 3 13 19 Detach 30 | . . . 1 . . . . 1 . 4 . . . . 3 . . . . . 3 4 . . . . 4 . 1 . . . . . . . . 1 . 1 1 6 Swap 274 | 1 4 1 2 2 2 . . 16 3 22 3 2 . 2 7 . 5 1 . 1 9 4 1 14 . . 7 5 35 2 22 2 2 2 2 14 24 8 17 13 15 2 Drop 735 | 1 5 2 10 3 3 . 3 11 3 244 23 1 . 1 84 . 3 . 8 1 7 8 2 11 2 1 28 3 87 1 55 1 . 2 1 11 12 10 14 9 36 28 Fire 2359 | 9 54 4 92 8 1 12 43 56 26 111 17 12 . 12 97 21 47 15 22 5 123 27 . 45 25 29 40 33 140 8 116 25 30 . 24 81 136 20 166 198 251 178 Melee 64 | . . . . . . . . . . . . . . . . . . . . . 39 . . 9 . . 15 . 1 . . . . . . . . . . . . . Ram 2 | . . . . . . . . . . . . . . . 2 . . . . . . . . . . . . . . . . . . . . . . . . . . . Kick . | . . . . . . . . . . . . . . . . . . . . . . . . . . . . . . . . . . . . . . . . . . . Crush . | . . . . . . . . . . . . . . . . . . . . . . . . . . . . . . . . . . . . . . . . . . . Escape Stasis 126 | . . . . . . . . . . 24 . . . . 13 . . 7 . . . . . 16 . . . . . . 8 . . . . . . . 1 19 19 19 Rewire 25 | . . . . . . . . . . . . . . . . . . . . . . . . . . . . . . . 1 . . . . . 24 . . . . . Trap 3 | . . . . 3 . . . . . . . . . . . . . . . . . . . . . . . . . . . . . . . . . . . . . . Miscellaneous 957 | . 22 . 36 9 . 6 24 25 . 81 13 8 . 13 63 . 31 11 15 . 40 13 . 28 13 9 18 13 48 4 30 16 5 . 4 30 39 5 64 38 144 39 Route ------- -11/Scrapyard -10/Materials (discovered 5 exits: *Mat x3 / *Min x2) -10/Mines (discovered 2 exits: *Mat x2) -9/Materials (discovered 4 exits: *Mat x3 / *Min) -9/Mines (discovered 3 exits: *Mat x2 / *Exi) -9/Exiles -8/Mines (discovered 2 exits: *Mat x2) -8/Materials (discovered 3 exits: *Fac x3) -7/Factory (discovered 5 exits: *Fac / Sto x2 / *Low x2) -7/Waste -7/Factory (discovered 7 exits: *Fac x4 / *Sto / *Low x2) -7/Lower Caves (discovered 2 exits: *Low / [*Zio]) -7/Lower Caves (discovered 2 exits: *Fac / *Dat) -7/Data Miner -6/Proximity Caves -6/Factory (discovered 8 exits: *Fac x4 / *Low x2 / *Ext x2) -6/Waste -6/Factory (discovered 5 exits: Fac / *Low x2 / *Ext x2) -6/Extension (discovered 3 exits: *Fac x2 / *Cet) -6/Cetus (discovered 3 exits: *Fac x2 / *Arc) -6/Archives (discovered 3 exits: *Fac / *Hub x2) -6/Hub_04(d) (discovered 4 exits: *Fac x4) -5/Factory -5/Waste -5/Factory (discovered 3 exits: *Fac / *Upp x2) -5/Upper Caves -5/Upper Caves (discovered 2 exits: *Fac / *War) -5/Warlord -4/Proximity Caves -4/Factory (discovered 6 exits: *Res x4 / *Upp x2) -4/Waste -4/Factory (discovered 6 exits: *Res x4 / *Upp x2) -4/Upper Caves -4/Upper Caves (discovered 2 exits: *Res / *Zhi) -4/Zhirov -3/Proximity Caves -3/Research (discovered 5 exits: *Res x2 / *Arm / *Qua x2) -3/Armory (discovered 3 exits: *Res x2 / *Lab) -3/Lab -2/Research (discovered 2 exits: *Acc / *Tes) -2/Testing (discovered 2 exits: *Acc / *Sec) -2/Section 7 -1/Access To Fleet Rendezvous History --------- Turn | Location | Event 6 | -11/Scrapyard | Upgraded with Power slot (x1) 6 | -11/Scrapyard | Upgraded with Propulsion slot (x1) 6 | -11/Scrapyard | Upgraded with Utility slot (x1) 6 | -11/Scrapyard | Upgraded with Weapon slot (x1) 9 | -11/Scrapyard | Identified exit to Materials 9 | -11/Scrapyard | Discovered exit to Materials (range 16) 109 | -11/Scrapyard | Entered Materials 194 | -10/Materials | Upgraded with Propulsion slot (x1) 194 | -10/Materials | Upgraded with Utility slot (x1) 194 | -10/Materials | Upgraded with Weapon slot (x1) 235 | -10/Materials | Identified exit to Mines 235 | -10/Materials | Discovered exit to Mines (range 6) 300 | -10/Materials | Build established: Hacker-Mutant 410 | -10/Materials | Identified exit to Materials 410 | -10/Materials | Discovered exit to Materials (range 7) 482 | -10/Materials | Discovered exit to Materials (range 16) 623 | -10/Materials | Discovered exit to Materials (range 5) 685 | -10/Materials | Build established: Hacker-Skirmisher 825 | -10/Materials | Reached level 2 909 | -10/Materials | Upgraded with Propulsion slot (x1) 923 | -10/Materials | Discovered exit to Mines (range 7) 1016 | -10/Materials | Entered Mines 1054 | -10/Mines | A weapon hastily lodged in a ceiling crevice suddenly fell to the ground 1145 | -10/Mines | Discovered exit to Materials (range 12) 1197 | -10/Mines | Discovered exit to Materials (range 5) 1266 | -10/Mines | Received a Rocket Launcher from a helpful Derelict 1508 | -10/Mines | Entered Materials 1510 | -9/Materials | Reached level 3 1510 | -9/Materials | Reached level 4 1518 | -9/Materials | Upgraded with Utility slot (x1) 1518 | -9/Materials | Upgraded with Weapon slot (x1) 1747 | -9/Materials | Reached level 5 1801 | -9/Materials | Identified exit to Materials 1801 | -9/Materials | Discovered exit to Materials (range 18) 2052 | -9/Materials | Discovered exit to Materials (range 14) 2149 | -9/Materials | Reached level 6 2309 | -9/Materials | Reached level 7 2321 | -9/Materials | Upgraded with Weapon slot (x2) 2348 | -9/Materials | Identified exit to Mines 2590 | -9/Materials | Entered Mines 2678 | -9/Mines | Discovered exit to Materials (range 5) 2680 | -9/Mines | Learned location of Storage (-7) 2732 | -9/Mines | Found a hidden stash of uninstalled traps 2859 | -9/Mines | Deemed a non-threat by the Exiles lab entrance 2859 | -9/Mines | Identified exit to Exiles 2859 | -9/Mines | Discovered exit to Exiles (range 5) 2911 | -9/Mines | Discovered exit to Materials (range 10) 2968 | -9/Mines | Found a damaged Exp. Sensor Array with a note attached 2969 | -9/Mines | Found Prototype Device 2970 | -9/Mines | Identified Exp. Sensor Array 3068 | -9/Mines | Reached level 8 3186 | -9/Mines | Entered Exiles 3208 | -9/Exiles | Met 8R-AWN 3223 | -9/Exiles | Met EX-HEX 3251 | -9/Exiles | Met EX-BIN 3261 | -9/Exiles | Aligned with FarCom system 3262 | -9/Exiles | Given EX-Vault access code 3292 | -9/Exiles | Opened EX-Vault 3296 | -9/Exiles | Found Prototype Storage 3297 | -9/Exiles | Identified Superbattery 3303 | -9/Exiles | Found Prototype Energy Cannon 3303 | -9/Exiles | Identified Gui. Plasma Cannon 3329 | -9/Exiles | Warned to stay clear of 0b10 Research branches 3354 | -9/Exiles | Met EX-DEC 3387 | -9/Exiles | Build established: Hacker-Executioner 3397 | -9/Exiles | Visited The Gauntlet 3562 | -9/Exiles | Identified exit to Mines 3562 | -9/Exiles | Discovered exit to Mines (range 15) 3574 | -9/Exiles | Left Exiles lab with Gui. Plasma Cannon 3574 | -9/Exiles | Entered Mines 3575 | -8/Mines | Discovered exit to Materials (range 13) 3635 | -8/Mines | Reached level 9 3638 | -8/Mines | Upgraded with Weapon slot (x1) 3774 | -8/Mines | Discovered exit to Materials (range 5) 4149 | -8/Mines | Entered Materials 4151 | -8/Materials | Reached level 10 4151 | -8/Materials | Upgraded with Weapon slot (x1) 4258 | -8/Materials | Identified exit to Factory 4362 | -8/Materials | Reached level 11 4718 | -8/Materials | Reached level 12 4738 | -8/Materials | Garrison activated, responded to threat 4940 | -8/Materials | Entered Factory 4940 | -7/Factory | Accompanied by 2 allies 4942 | -7/Factory | Reached level 13 5043 | -7/Factory | Identified exit to Lower Caves 5043 | -7/Factory | Discovered exit to Lower Caves (range 7) 5298 | -7/Factory | Identified exit to Storage 5467 | -7/Factory | Reached level 14 5709 | -7/Factory | Garrison activated, responded to threat 5848 | -7/Factory | Identified exit to Factory 5848 | -7/Factory | Discovered exit to Factory (range 4) 5873 | -7/Factory | Reached level 15 5902 | -7/Factory | Upgraded with Utility slot (x1) 6025 | -7/Factory | Fabricated Enh. Autogun (x1) 6055 | -7/Factory | Fabricated Enh. Autogun (x1) 6086 | -7/Factory | Fabricated Enh. Autogun (x1) 6220 | -7/Factory | Build established: Wizard-Executioner 6735 | -7/Factory | Local fabrication network quarantined 6812 | -7/Factory | Reached level 16 6861 | -7/Factory | Sucked down chute 6861 | -7/Factory | Entered Waste 6861 | -7/Waste | Upgraded with Utility slot (x1) 6876 | -7/Waste | EMP discharged 6898 | -7/Waste | Spotted C-40 Crusher 6903 | -7/Waste | Spotted C-40 Crusher 6903 | -7/Waste | Spotted C-40 Crusher 6907 | -7/Waste | Spotted C-40 Crusher 6915 | -7/Waste | Spotted C-40 Crusher 6927 | -7/Waste | Destroyed C-40 Crusher 6932 | -7/Waste | Spotted C-40 Crusher 6933 | -7/Waste | Found Damper Plating 6947 | -7/Waste | Destroyed C-40 Crusher 6976 | -7/Waste | EMP discharged 6985 | -7/Waste | Identified exit to Factory 6985 | -7/Waste | Discovered exit to Factory (range 11) 7015 | -7/Waste | Destroyed C-40 Crusher 7025 | -7/Waste | Destroyed C-40 Crusher 7060 | -7/Waste | Destroyed C-40 Crusher 7076 | -7/Waste | EMP discharged 7076 | -7/Waste | System corruption reached 10% 7078 | -7/Waste | Destroyed C-40 Crusher 7107 | -7/Waste | Entered Factory 7356 | -7/Factory | Discovered exit to Factory (range 12) 7462 | -7/Factory | Discovered exit to Lower Caves (range 9) 8139 | -7/Factory | Garrison activated, responded to threat 9737 | -7/Factory | Reached level 17 9742 | -7/Factory | Upgraded with Propulsion slot (x1) 9877 | -7/Factory | Discovered exit to Factory (range 14) 11583 | -7/Factory | Discovered exit to Factory (range 14) 11839 | -7/Factory | Fabricated Arm. Huge Wheel (x2) 11866 | -7/Factory | Fabricated Enh. Autogun (x1) 11889 | -7/Factory | Fabricated Enh. Autogun (x1) 12213 | -7/Factory | Build established: Wizard-Mutant 12566 | -7/Factory | Fabricated Adv. Hacking Suite (x1) 12585 | -7/Factory | Fabricated Adv. Terrain Scanner (x2) 12666 | -7/Factory | Build established: Wizard-Executioner 12674 | -7/Factory | Fabricated Enh. Autogun? 13203 | -7/Factory | Fabricated Enh. Autogun (x1) 13235 | -7/Factory | Fabricated Enh. Autogun (x1) 13323 | -7/Factory | Local fabrication network quarantined 13534 | -7/Factory | Build established: Machinist-Executioner 14272 | -7/Factory | Discovered exit to Factory (range 11) 14864 | -7/Factory | Reached level 18 15815 | -7/Factory | Entered Lower Caves 15988 | -7/Lower Caves | Identified exit to Lower Caves 16098 | -7/Lower Caves | Encountered a Warlord checkpoint 16223 | -7/Lower Caves | Spotted B-75 Beast 16294 | -7/Lower Caves | A Derelict revealed a hidden shortcut to a safe place 16876 | -7/Lower Caves | Destroyed B-75 Beast 17377 | -7/Lower Caves | Entered another Lower Caves area 17443 | -7/Lower Caves | Discovered exit to Factory (range 18) 17449 | -7/Lower Caves | Attracted the attention of an 0b10 outpost 17487 | -7/Lower Caves | Destroyed 7 combat bots 17654 | -7/Lower Caves | Spotted B-75 Beast 17660 | -7/Lower Caves | Destroyed B-75 Beast 17771 | -7/Lower Caves | Identified exit to Data Miner 17771 | -7/Lower Caves | Discovered exit to Data Miner (range 12) 18380 | -7/Lower Caves | Entered Data Miner 18380 | -7/Data Miner | Accompanied by 2 allies 18380 | -7/Data Miner | Identified exit to Proximity Caves 18380 | -7/Data Miner | Discovered exit to Proximity Caves (range 6) 18399 | -7/Data Miner | Met Data Miner 18428 | -7/Data Miner | Learned location of Section 7 (-2) 18428 | -7/Data Miner | Acquired the access code to Warlord's prototype stash 18445 | -7/Data Miner | Received God Mode back door access code from Data Miner 18485 | -7/Data Miner | Entered Proximity Caves 18485 | -6/Proximity Caves | Accompanied by 2 allies 18514 | -6/Proximity Caves | Escorted by Enhanced Grunt 18609 | -6/Proximity Caves | Reached level 19 18610 | -6/Proximity Caves | Upgraded with Propulsion slot (x1) 18700 | -6/Proximity Caves | Found Alien Artifact 19625 | -6/Proximity Caves | Entered Factory 19625 | -6/Factory | Accompanied by 3 allies 19626 | -6/Factory | Identified exit to Extension 19799 | -6/Factory | Identified exit to Lower Caves 20082 | -6/Factory | Identified exit to Factory 20363 | -6/Factory | Identified Dimensional Node Initializer 20649 | -6/Factory | Reached level 20 20710 | -6/Factory | Spotted B-75 Beast 20796 | -6/Factory | Destroyed B-75 Beast 21290 | -6/Factory | Build established: Hacker-Executioner 22123 | -6/Factory | Incoming investigation squad redirected 22826 | -6/Factory | Incoming investigation squad redirected 23279 | -6/Factory | Fabricated Centrium Wheel (x2) 23308 | -6/Factory | Fabricated Centrium Wheel (x2) 23338 | -6/Factory | Fabricated Centrium Wheel (x2) 23398 | -6/Factory | Incoming investigation squad redirected 23414 | -6/Factory | Local fabrication network quarantined 23435 | -6/Factory | Build established: Wizard-Executioner 23760 | -6/Factory | Build established: Machinist-Executioner 23852 | -6/Factory | Garrison activated, responded to threat 23966 | -6/Factory | Incoming investigation squad redirected 24118 | -6/Factory | Sucked down chute 24118 | -6/Factory | Entered Waste 24133 | -6/Waste | EMP discharged 24146 | -6/Waste | Spotted C-40 Crusher 24153 | -6/Waste | Spotted C-40 Crusher 24163 | -6/Waste | Spotted C-40 Crusher 24163 | -6/Waste | Spotted C-40 Crusher 24168 | -6/Waste | Destroyed C-40 Crusher 24175 | -6/Waste | Destroyed C-40 Crusher 24177 | -6/Waste | Destroyed C-40 Crusher 24180 | -6/Waste | Spotted C-40 Crusher 24183 | -6/Waste | Destroyed C-40 Crusher 24188 | -6/Waste | Destroyed C-40 Crusher 24195 | -6/Waste | Spotted C-40 Crusher 24212 | -6/Waste | Destroyed C-40 Crusher 24233 | -6/Waste | EMP discharged 24295 | -6/Waste | Identified exit to Factory 24295 | -6/Waste | Discovered exit to Factory (range 12) 24333 | -6/Waste | EMP discharged 24433 | -6/Waste | EMP discharged 24502 | -6/Waste | Entered Factory 24967 | -6/Factory | Spotted B-75 Beast 24976 | -6/Factory | Reached level 21 24979 | -6/Factory | Destroyed B-75 Beast 24991 | -6/Factory | Incoming investigation squad redirected 25236 | -6/Factory | Discovered exit to Factory (range 19) 25343 | -6/Factory | Found Hvy. Reactive Plating 25785 | -6/Factory | Entered Extension 25785 | -6/Extension | Accompanied by 1 ally 25832 | -6/Extension | Rescued a captive Derelict 25834 | -6/Extension | Rescued a captive Derelict 25863 | -6/Extension | Rescued a captive Derelict 25919 | -6/Extension | Identified exit to Cetus 25931 | -6/Extension | Rescued a captive Derelict 25932 | -6/Extension | Rescued a captive Derelict 25949 | -6/Extension | Rescued a captive Derelict 25959 | -6/Extension | Rescued A7 25969 | -6/Extension | Rescued a captive Derelict 25969 | -6/Extension | Rescued a captive Derelict 26003 | -6/Extension | Spotted B-75 Beast 26018 | -6/Extension | Spotted B-75 Beast 26027 | -6/Extension | Destroyed B-75 Beast 26032 | -6/Extension | Destroyed B-75 Beast 26131 | -6/Extension | Rescued a captive Derelict 26267 | -6/Extension | Rescued a captive Derelict 26713 | -6/Extension | Entered Cetus 26713 | -6/Cetus | Accompanied by 9 allies (A7) 26718 | -6/Cetus | Acquired a Cetus Manufacturing Module code from A7 26725 | -6/Cetus | Spotted Cetus Guard 26725 | -6/Cetus | Spotted Cetus Guard 26726 | -6/Cetus | Spotted Cetus Guard 26729 | -6/Cetus | Destroyed Cetus Guard 26729 | -6/Cetus | Spotted Cetus Guard 26743 | -6/Cetus | Destroyed Cetus Guard 26743 | -6/Cetus | Destroyed Cetus Guard 26805 | -6/Cetus | Started Cetus Manufacturing Module 26813 | -6/Cetus | Escorted A7 to Cetus Mainframe 26830 | -6/Cetus | Manufactured an Enhanced Grunt 26855 | -6/Cetus | Manufactured an Enhanced Grunt 26880 | -6/Cetus | Manufactured an Enhanced Grunt 26886 | -6/Cetus | Discovered exit to Factory (range 19) 26905 | -6/Cetus | Manufactured an Enhanced Grunt 26930 | -6/Cetus | Manufactured an Enhanced Grunt 27018 | -6/Cetus | Identified exit to Archives 27018 | -6/Cetus | Discovered exit to Archives (range 19) 27047 | -6/Cetus | Spotted Cetus Guard 27047 | -6/Cetus | Spotted Cetus Guard 27048 | -6/Cetus | Spotted Cetus Guard 27052 | -6/Cetus | Destroyed Cetus Guard 27052 | -6/Cetus | Spotted Cetus Guard 27059 | -6/Cetus | Discovered exit to Factory (range 20) 27062 | -6/Cetus | Destroyed Cetus Guard 27062 | -6/Cetus | Destroyed Cetus Guard 27065 | -6/Cetus | Destroyed Cetus Guard 27074 | -6/Cetus | Found Prototype Device 27074 | -6/Cetus | Identified Exp. Thermal Shield 27127 | -6/Cetus | Entered Archives 27127 | -6/Archives | Accompanied by 8 allies (A7) 27132 | -6/Archives | Received a hacking code to weaken MAIN.C 27152 | -6/Archives | Unable to access archive contents 27157 | -6/Archives | Discovered exit to Factory (range 17) 27162 | -6/Archives | Identified exit to Hub_04(d) 27162 | -6/Archives | Discovered exit to Hub_04(d) (range 20) 27168 | -6/Archives | Unable to access archive contents 27172 | -6/Archives | Discovered exit to Hub_04(d) (range 14) 27239 | -6/Archives | Unable to access archive contents 27296 | -6/Archives | Entered Hub_04(d) 27296 | -6/Hub_04(d) | Accompanied by 4 allies 27298 | -6/Hub_04(d) | Reached level 22 27300 | -6/Hub_04(d) | Upgraded with Utility slot (x1) 27424 | -6/Hub_04(d) | Discovered exit to Factory (range 14) 27547 | -6/Hub_04(d) | Discovered exit to Factory (range 13) 27620 | -6/Hub_04(d) | Network Hub disabled 27661 | -6/Hub_04(d) | Spotted Lightning 27661 | -6/Hub_04(d) | Spotted Lightning 27664 | -6/Hub_04(d) | Spotted Lightning 27665 | -6/Hub_04(d) | Spotted Lightning 27667 | -6/Hub_04(d) | Spotted Lightning 27670 | -6/Hub_04(d) | Spotted Lightning 27696 | -6/Hub_04(d) | Destroyed Lightning 27701 | -6/Hub_04(d) | Discovered exit to Factory (range 8) 27732 | -6/Hub_04(d) | Destroyed Lightning 27748 | -6/Hub_04(d) | Destroyed Lightning 27753 | -6/Hub_04(d) | Found Prototype Device 27754 | -6/Hub_04(d) | Identified EM Dispersion Field 27765 | -6/Hub_04(d) | Destroyed Lightning 27794 | -6/Hub_04(d) | Destroyed Lightning 27811 | -6/Hub_04(d) | Destroyed Lightning 27832 | -6/Hub_04(d) | Destroyed 12 combat bots 27850 | -6/Hub_04(d) | Found Prototype Energy Cannon 27850 | -6/Hub_04(d) | Identified EMDS 28040 | -6/Hub_04(d) | Garrison activated, responded to threat 28068 | -6/Hub_04(d) | Spotted Lightning 28071 | -6/Hub_04(d) | Spotted Lightning 28074 | -6/Hub_04(d) | Spotted Lightning 28152 | -6/Hub_04(d) | Destroyed Lightning 28166 | -6/Hub_04(d) | Destroyed Lightning 28202 | -6/Hub_04(d) | Destroyed Lightning 28273 | -6/Hub_04(d) | Destroyed 8 combat bots 28292 | -6/Hub_04(d) | Spotted Lightning 28293 | -6/Hub_04(d) | Spotted Lightning 28297 | -6/Hub_04(d) | Spotted Lightning 28327 | -6/Hub_04(d) | Destroyed Lightning 28346 | -6/Hub_04(d) | First assault squad dispatched 28354 | -6/Hub_04(d) | Destroyed Lightning 28360 | -6/Hub_04(d) | Found Prototype Device 28360 | -6/Hub_04(d) | Identified Exp. Phase Shifter 28367 | -6/Hub_04(d) | Incoming assault squad redirected 28388 | -6/Hub_04(d) | Network Hub disabled 28435 | -6/Hub_04(d) | Discovered exit to Factory (range 15) 28458 | -6/Hub_04(d) | Network Hub disabled 28581 | -6/Hub_04(d) | Network Hub disabled 28763 | -6/Hub_04(d) | Destroyed 7 combat bots 28820 | -6/Hub_04(d) | Entered Factory 28974 | -5/Factory | Spotted B-75 Beast 28984 | -5/Factory | Reached level 23 28987 | -5/Factory | Upgraded with Utility slot (x1) 29066 | -5/Factory | Destroyed B-75 Beast 29207 | -5/Factory | Fabricated EM Dispersion Field (x1) 29233 | -5/Factory | Incoming investigation squad redirected 29288 | -5/Factory | Identified exit to Factory 29288 | -5/Factory | Discovered exit to Factory (range 7) 29313 | -5/Factory | Local fabrication network quarantined 29446 | -5/Factory | Garrison activated, responded to threat 29454 | -5/Factory | Sucked down chute 29454 | -5/Factory | Entered Waste 29454 | -5/Waste | The area was eerily silent 29621 | -5/Waste | Identified exit to Factory 29621 | -5/Waste | Discovered exit to Factory (range 13) 29637 | -5/Waste | Found Prototype Launcher 29637 | -5/Waste | Identified Adv. Micro-nuke Launcher 29660 | -5/Waste | Entered Factory 29885 | -5/Factory | Incoming investigation squad redirected 29909 | -5/Factory | Incoming investigation squad redirected 29916 | -5/Factory | Identified exit to Upper Caves 30197 | -5/Factory | Fabricated Imp. Kinecellerator (x1) 30222 | -5/Factory | Discovered exit to Factory (range 19) 30406 | -5/Factory | Reached level 24 30450 | -5/Factory | Incoming investigation squad redirected 30581 | -5/Factory | Fabricated Adv. Cryofiber Web (x1) 30600 | -5/Factory | Incoming investigation squad redirected 30979 | -5/Factory | Fabricated Adv. Coolant Injector (x2) 31021 | -5/Factory | Fabricated Adv. Hacking Suite (x1) 31041 | -5/Factory | Local fabrication network quarantined 31282 | -5/Factory | Entered Upper Caves 31499 | -5/Upper Caves | Spotted B-75 Beast 31512 | -5/Upper Caves | Destroyed B-75 Beast 31639 | -5/Upper Caves | Learned 8 Factory zone layouts 31681 | -5/Upper Caves | Identified exit to Upper Caves 31681 | -5/Upper Caves | Discovered exit to Upper Caves (range 5) 31688 | -5/Upper Caves | Attracted the attention of an 0b10 base 31691 | -5/Upper Caves | Learned Armory security intel 31716 | -5/Upper Caves | Destroyed 7 combat bots 31782 | -5/Upper Caves | Learned Factory trap positions 32657 | -5/Upper Caves | Entered another Upper Caves area 32680 | -5/Upper Caves | Discovered exit to Factory (range 12) 32883 | -5/Upper Caves | Spotted B-75 Beast 32888 | -5/Upper Caves | Destroyed B-75 Beast 32917 | -5/Upper Caves | Learned 12 Factory zone layouts 33177 | -5/Upper Caves | Identified exit to Warlord 33251 | -5/Upper Caves | Attracted the attention of an 0b10 outpost 33251 | -5/Upper Caves | Encountered a Warlord checkpoint 33281 | -5/Upper Caves | Attracted the attention of an 0b10 checkpoint 33982 | -5/Upper Caves | Entered Warlord 34064 | -5/Warlord | Identified exit to Proximity Caves 34064 | -5/Warlord | Discovered exit to Proximity Caves (range 8) 34233 | -5/Warlord | Found Prototype Energy Gun 34233 | -5/Warlord | Identified Plasma Storm 34504 | -5/Warlord | Warlord's base attacked by MAIN.C 34592 | -5/Warlord | Met Warlord 34604 | -5/Warlord | Opened Warlord's prototype stash 34611 | -5/Warlord | Found Prototype Reactor 34611 | -5/Warlord | Identified Vortex Chain Reactor 34620 | -5/Warlord | Found Prototype Processor 34620 | -5/Warlord | Identified Spectral Analyzer 34692 | -5/Warlord | Found Prototype Energy Gun 34692 | -5/Warlord | Identified Vortex Rail 34694 | -5/Warlord | Found Vortex Rail 34854 | -5/Warlord | Warlord forces counterattacked 34900 | -5/Warlord | Spotted Executioner 35179 | -5/Warlord | Warlord base infiltrated, sounded retreat 35250 | -5/Warlord | Spotted Striker 35269 | -5/Warlord | Spotted B-86 Titan 35287 | -5/Warlord | Spotted B-75 Beast 35289 | -5/Warlord | Spotted Executioner 35292 | -5/Warlord | Spotted Executioner 35296 | -5/Warlord | Destroyed Executioner 35298 | -5/Warlord | Spotted Striker 35299 | -5/Warlord | Reached level 25 35300 | -5/Warlord | Upgraded with Utility slot (x1) 35302 | -5/Warlord | Destroyed Executioner 35308 | -5/Warlord | Destroyed Striker 35317 | -5/Warlord | Destroyed B-86 Titan 35338 | -5/Warlord | Destroyed 10 combat bots 35365 | -5/Warlord | Spotted Striker 35373 | -5/Warlord | Spotted Striker 35377 | -5/Warlord | Destroyed Striker 35404 | -5/Warlord | Spotted Executioner 35409 | -5/Warlord | Destroyed Executioner 35440 | -5/Warlord | Found Prototype Processor 35440 | -5/Warlord | Identified Exp. Core Analyzer 35443 | -5/Warlord | Destroyed 15 combat bots 35464 | -5/Warlord | Found Prototype Device 35498 | -5/Warlord | Entered Proximity Caves 35604 | -4/Proximity Caves | Identified Adv. Kinecellerator 35705 | -4/Proximity Caves | Learned Research stockpile data 35977 | -4/Proximity Caves | Discovered exit to Factory (range 13) 36005 | -4/Proximity Caves | Learned Research terminal intel 36422 | -4/Proximity Caves | Attracted the attention of an 0b10 outpost 36451 | -4/Proximity Caves | Destroyed 9 combat bots 36624 | -4/Proximity Caves | Reached level 26 36788 | -4/Proximity Caves | Entered Factory 36789 | -4/Factory | Identified exit to Research 36791 | -4/Factory | Loaded intel: 105 trap records 36999 | -4/Factory | Identified exit to Upper Caves 37009 | -4/Factory | Spotted B-86 Titan 37334 | -4/Factory | Garrison activated, responded to threat 37337 | -4/Factory | Incoming investigation squad redirected 37565 | -4/Factory | Reached level 27 37567 | -4/Factory | Upgraded with Utility slot (x1) 37788 | -4/Factory | First assault squad dispatched 38024 | -4/Factory | Destroyed 7 combat bots 38070 | -4/Factory | Spotted B-86 Titan 38074 | -4/Factory | Destroyed B-86 Titan 38434 | -4/Factory | Found Exp. Terrain Scan Processor 39965 | -4/Factory | Fabricated Hdn. Centrium Wheel (x1) 39999 | -4/Factory | Fabricated Hdn. Centrium Wheel (x1) 40001 | -4/Factory | Adv. Hacking Suite fried by hacking feedback 40001 | -4/Factory | Hacking Suite fried by hacking feedback 40432 | -4/Factory | Found Launcher Loader 40434 | -4/Factory | Found Launcher Loader 40436 | -4/Factory | Found Launcher Loader 40554 | -4/Factory | Found Quantum Capacitor 41026 | -4/Factory | Fabricated Hdn. Centrium Wheel (x1) 41045 | -4/Factory | Fabricated Adv. Kinecellerator? 41077 | -4/Factory | Fabricated Hdn. Centrium Wheel (x1) 41097 | -4/Factory | Fabricated Prc. Matter Filter (x1) 41191 | -4/Factory | Local fabrication network quarantined 41303 | -4/Factory | Sucked down chute 41303 | -4/Factory | Entered Waste 41304 | -4/Waste | Joined by Warlord forces that had cleared the area 41460 | -4/Waste | A Compactor rumbled back to life 41460 | -4/Waste | Spotted C-40 Crusher 41462 | -4/Waste | Allies destroyed C-40 Crusher 41600 | -4/Waste | Identified exit to Factory 41600 | -4/Waste | Discovered exit to Factory (range 20) 41679 | -4/Waste | Entered Factory 41679 | -4/Factory | Accompanied by 18 allies 41721 | -4/Factory | Incoming investigation squad redirected 41730 | -4/Factory | Spotted B-86 Titan 41892 | -4/Factory | Reached level 28 42017 | -4/Factory | Discovered exit to Research (range 19) 42217 | -4/Factory | Garrison activated, responded to threat 42446 | -4/Factory | Discovered exit to Research (range 4) 43303 | -4/Factory | Spotted B-86 Titan 43330 | -4/Factory | Destroyed B-86 Titan 43381 | -4/Factory | Incoming investigation squad redirected 43548 | -4/Factory | Found Exp. Hacking Suite 43747 | -4/Factory | Found Faulty Exp. Targeting Computer 43909 | -4/Factory | Destroyed 7 combat bots 44125 | -4/Factory | Found Mni. Smartbomb Launcher 44315 | -4/Factory | Fabricated Hdn. Centrium Wheel (x1) 44350 | -4/Factory | Fabricated Hdn. Centrium Wheel (x1) 44385 | -4/Factory | Fabricated Exp. Coolant Injector (x1) 44420 | -4/Factory | Fabricated Exp. Coolant Injector? 44482 | -4/Factory | Local fabrication network quarantined 44548 | -4/Factory | Entered Upper Caves 44548 | -4/Upper Caves | Accompanied by 1 ally 44668 | -4/Upper Caves | Attracted the attention of an 0b10 base 44669 | -4/Upper Caves | Learned 6 Proximity Caves zone layouts 44669 | -4/Upper Caves | Learned 8 Factory zone layouts 44669 | -4/Upper Caves | Identified exit to Upper Caves 44696 | -4/Upper Caves | Destroyed 7 combat bots 45190 | -4/Upper Caves | Attracted the attention of an 0b10 checkpoint 45846 | -4/Upper Caves | Entered another Upper Caves area 46101 | -4/Upper Caves | Attracted the attention of an 0b10 outpost 46128 | -4/Upper Caves | Destroyed 9 combat bots 46173 | -4/Upper Caves | Identified exit to Zhirov 46173 | -4/Upper Caves | Discovered exit to Zhirov (range 18) 46180 | -4/Upper Caves | Reached level 29 46184 | -4/Upper Caves | Attracted the attention of an 0b10 checkpoint 46534 | -4/Upper Caves | Attacked by a delusional Derelict stockpiling parts 46593 | -4/Upper Caves | Discovered exit to Research (range 11) 47055 | -4/Upper Caves | Entered Zhirov 47055 | -4/Zhirov | Identified exit to Proximity Caves 47055 | -4/Zhirov | Discovered exit to Proximity Caves (range 3) 47072 | -4/Zhirov | Met Zhirov 47106 | -4/Zhirov | Zhirov requested help retrieving the SGEMP Prototype 47123 | -4/Zhirov | Found Alien Artifact 47124 | -4/Zhirov | Identified Integrated Dissipator 47124 | -4/Zhirov | Installed Integrated Dissipator, increased core heat dissipation (+20) 47139 | -4/Zhirov | Found Alien Artifact 47205 | -4/Zhirov | Entered Proximity Caves 47251 | -3/Proximity Caves | Destroyed 14 combat bots 47275 | -3/Proximity Caves | Learned Factory trap positions 47275 | -3/Proximity Caves | Learned Factory emergency access door positions 47275 | -3/Proximity Caves | Learned Research garrison access intel 47750 | -3/Proximity Caves | Attracted the attention of an 0b10 checkpoint 48332 | -3/Proximity Caves | Entered Research 48333 | -3/Research | Identified exit to Quarantine 48335 | -3/Research | Loaded intel: 21 terminal locations 48336 | -3/Research | Loaded intel: 2 garrison access locations 48532 | -3/Research | Revision forces began assault on 0b10 48532 | -3/Research | Identified exit to Armory 48596 | -3/Research | Reached level 30 48596 | -3/Research | Met up with Revision 17++ 48734 | -3/Research | Spotted B-86 Titan 48736 | -3/Research | Destroyed B-86 Titan 48955 | -3/Research | Identified Transdimensional Reconstructor 49032 | -3/Research | Research terminal network offline 49416 | -3/Research | Spotted Executioner 49417 | -3/Research | Spotted Striker 49419 | -3/Research | Destroyed Executioner 49424 | -3/Research | Destroyed Striker 49444 | -3/Research | Spotted Executioner 49448 | -3/Research | Destroyed Executioner 49552 | -3/Research | Found Antimissile System 49678 | -3/Research | Identified exit to Research 49678 | -3/Research | Discovered exit to Research (range 18) 49725 | -3/Research | Spotted Striker 49728 | -3/Research | Spotted Striker 49728 | -3/Research | Destroyed Striker 49856 | -3/Research | Found Prototype Launcher 49863 | -3/Research | Discovered exit to Research (range 4) 49907 | -3/Research | Spotted Striker 49909 | -3/Research | Destroyed Striker 49951 | -3/Research | Identified Com. Tesla Bomb Launcher 49974 | -3/Research | Spotted Striker 49977 | -3/Research | Destroyed Striker 50056 | -3/Research | Found Exp. Core Analyzer 50102 | -3/Research | Spotted Striker 50103 | -3/Research | Destroyed Striker 50320 | -3/Research | Entered Armory 50531 | -3/Armory | Reached level 31 50631 | -3/Armory | Spotted B-86 Titan 50654 | -3/Armory | Destroyed B-86 Titan 50699 | -3/Armory | Destroyed 8 combat bots 50732 | -3/Armory | Incoming investigation squad redirected 51190 | -3/Armory | Destroyed 8 combat bots 51320 | -3/Armory | First assault squad dispatched 51838 | -3/Armory | Fabricated Exp. Hacking Suite? 51895 | -3/Armory | Fabricated Exp. Hacking Suite (x1) 52027 | -3/Armory | Fabricated Exp. Shock Absorption System? 52044 | -3/Armory | Fabricated Beam Splitter? 52098 | -3/Armory | Fabricated Zero-point Reactor? 52118 | -3/Armory | Fabricated Exp. Armor Integrity Analyzer? 52170 | -3/Armory | Fabricated Zero-point Reactor? 52851 | -3/Armory | Fabricated O-24 Administrator (x1) 52870 | -3/Armory | Fabricated O-24 Administrator (x1) 52922 | -3/Armory | Fabricated P-70 Sage (x2) 54072 | -3/Armory | Local fabrication network quarantined 54281 | -3/Armory | Build established: Machinist-Mutant 54350 | -3/Armory | Found Fusion Bomb Launcher 54595 | -3/Armory | Warped through subspace to slip node 54595 | -3/Armory | Identified exit to Lab 54595 | -3/Armory | Discovered exit to Lab (range 1) 54934 | -3/Armory | Entered Lab 54934 | -3/Lab | Accompanied by 5 allies 54937 | -3/Lab | Discovered exit to Research (range 9) 54949 | -3/Lab | Unable to decrypt terminal 54949 | -3/Lab | Opened the door to a hidden lab 54950 | -3/Lab | Gained access to the hidden lab's interior 54950 | -3/Lab | Reached level 32 54951 | -3/Lab | Detected by scanners 54953 | -3/Lab | Unable to decrypt terminal 54959 | -3/Lab | Found Alien Artifact 54969 | -3/Lab | Found Transdimensional Reconstructor 54973 | -3/Lab | Found Alien Artifact 54981 | -3/Lab | Found Alien Artifact 55001 | -3/Lab | Confronted by A5 55033 | -3/Lab | Unable to decrypt terminal 55033 | -3/Lab | Unable to decrypt terminal 55043 | -3/Lab | Destroyed A5 55050 | -3/Lab | Found Prototype Special Weapon 55050 | -3/Lab | Identified Gui. Remote Datajack 55067 | -3/Lab | Found Prototype Energy Gun 55067 | -3/Lab | Identified Tachyon Dispersion Ray 55071 | -3/Lab | Found Prototype Energy Cannon 55071 | -3/Lab | Identified Warp Cannon 55077 | -3/Lab | Found Prototype Protection 55078 | -3/Lab | Identified Exp. Powered Armor 55082 | -3/Lab | Found Prototype Hackware 55082 | -3/Lab | Identified Quantum Router 55192 | -3/Lab | Unable to decrypt terminal 55197 | -3/Lab | Disabled Active System Cloaker 55203 | -3/Lab | MAIN.C forces arrive to investigate 55255 | -3/Lab | Unable to decrypt terminal 55546 | -3/Lab | Entered Research 55546 | -2/Research | Warlord forces began assault on 0b10 55547 | -2/Research | Identified exit to Testing 55656 | -2/Research | Research machine network offline 55685 | -2/Research | Spotted B-90 Cyclops 55691 | -2/Research | Destroyed B-90 Cyclops 55712 | -2/Research | Destroyed 13 combat bots 55756 | -2/Research | Build established: Machinist-Executioner 55839 | -2/Research | Spotted Executioner 55844 | -2/Research | Spotted Executioner 55844 | -2/Research | Destroyed Executioner 55849 | -2/Research | Destroyed Executioner 55864 | -2/Research | Found Exp. Core Analyzer 55946 | -2/Research | Spotted Striker 55947 | -2/Research | Destroyed Striker 55952 | -2/Research | Reached level 33 55954 | -2/Research | Spotted Executioner 55956 | -2/Research | Destroyed Executioner 56012 | -2/Research | Spotted Executioner 56013 | -2/Research | Allies destroyed Executioner 56013 | -2/Research | Spotted Executioner 56015 | -2/Research | Destroyed Executioner 56112 | -2/Research | Spotted Striker 56115 | -2/Research | Destroyed Striker 56177 | -2/Research | Found Prototype Launcher 56177 | -2/Research | Identified Tactical Quantum Warhead 56456 | -2/Research | Met up with Warlord 56546 | -2/Research | Warlord invited to help at Command 56601 | -2/Research | Build established: Machinist-Mutant 56711 | -2/Research | Spotted Striker 56714 | -2/Research | Destroyed Striker 56845 | -2/Research | Spotted Tracker 56845 | -2/Research | Spotted Tracker 56847 | -2/Research | P-80 Master assimilated allied H-88 Terminator 56848 | -2/Research | Destroyed Tracker 56850 | -2/Research | Destroyed Tracker 56854 | -2/Research | Found Prototype Energy Gun 56854 | -2/Research | Identified Immobilizer 56866 | -2/Research | Found Prototype Slashing Weapon 56866 | -2/Research | Identified Particle Cleaver 56947 | -2/Research | Spotted Combat Programmer 56962 | -2/Research | Spotted Executioner 56965 | -2/Research | Destroyed Executioner 57022 | -2/Research | Build established: Machinist-Executioner 57084 | -2/Research | Spotted Striker 57087 | -2/Research | Destroyed Striker 57122 | -2/Research | Destroyed 10 combat bots 57131 | -2/Research | Spotted Striker 57133 | -2/Research | Destroyed Striker 57137 | -2/Research | Spotted Striker 57141 | -2/Research | Destroyed Striker 57180 | -2/Research | Spotted Tracker 57183 | -2/Research | Spotted Tracker 57186 | -2/Research | Destroyed Tracker 57194 | -2/Research | Destroyed Tracker 57313 | -2/Research | Spotted Executioner 57314 | -2/Research | Spotted Striker 57319 | -2/Research | Destroyed Executioner 57319 | -2/Research | Destroyed Striker 57348 | -2/Research | Identified exit to Access 57348 | -2/Research | Discovered exit to Access (range 12) 57348 | -2/Research | Spotted B-90 Cyclops 57352 | -2/Research | Destroyed B-90 Cyclops 57469 | -2/Research | Spotted Tracker 57470 | -2/Research | Spotted Tracker 57476 | -2/Research | Destroyed Tracker 57480 | -2/Research | Destroyed Tracker 57544 | -2/Research | Spotted Combat Programmer 57545 | -2/Research | Spotted Combat Programmer 57546 | -2/Research | Destroyed Combat Programmer 57548 | -2/Research | Reached level 34 57548 | -2/Research | Destroyed Combat Programmer 57707 | -2/Research | Crushed by falling debris 57757 | -2/Research | Spotted Striker 57762 | -2/Research | Destroyed Striker 58075 | -2/Research | Spotted Striker 58076 | -2/Research | Spotted Striker 58077 | -2/Research | Spotted Executioner 58077 | -2/Research | Spotted Tracker 58078 | -2/Research | Spotted Tracker 58080 | -2/Research | Destroyed Striker 58081 | -2/Research | Destroyed Tracker 58084 | -2/Research | Destroyed Striker 58086 | -2/Research | Destroyed Executioner 58090 | -2/Research | Destroyed Tracker 58118 | -2/Research | Destroyed 7 combat bots 58120 | -2/Research | Spotted Striker 58131 | -2/Research | Destroyed Striker 58133 | -2/Research | Spotted Combat Programmer 58137 | -2/Research | Destroyed Combat Programmer 58323 | -2/Research | Spotted Striker 58326 | -2/Research | Destroyed Striker 58398 | -2/Research | Spotted Tracker 58399 | -2/Research | Spotted Tracker 58402 | -2/Research | Destroyed Tracker 58470 | -2/Research | Entered Testing 58471 | -2/Testing | Maximum security lockdown engaged 58568 | -2/Testing | Discovered exit to Access (range 16) 58596 | -2/Testing | Destroyed 7 combat bots 58625 | -2/Testing | Spotted Striker 58629 | -2/Testing | Destroyed Striker 58701 | -2/Testing | Destroyed 21 combat bots 58711 | -2/Testing | Spotted Investigator 58711 | -2/Testing | Destroyed Investigator 58772 | -2/Testing | Destroyed 26 combat bots 58776 | -2/Testing | Found Prototype Ballistic Cannon 58776 | -2/Testing | Identified Perforator 58846 | -2/Testing | Destroyed Striker 58857 | -2/Testing | Spotted Striker 58858 | -2/Testing | Reached level 35 58858 | -2/Testing | Destroyed Striker 58858 | -2/Testing | Spotted Striker 58861 | -2/Testing | Destroyed Striker 58867 | -2/Testing | Spotted Striker 58872 | -2/Testing | Destroyed Striker 58932 | -2/Testing | Destroyed 32 combat bots 58995 | -2/Testing | Spotted PY-BS6B8JY1J8 58998 | -2/Testing | Destroyed PY-BS6B8JY1J8 59028 | -2/Testing | Spotted Striker 59028 | -2/Testing | Spotted Striker 59028 | -2/Testing | Garrison activated, responded to threat 59030 | -2/Testing | Destroyed Striker 59035 | -2/Testing | Spotted Striker 59036 | -2/Testing | Destroyed Striker 59038 | -2/Testing | Destroyed Striker 59042 | -2/Testing | Spotted Executioner 59061 | -2/Testing | Destroyed 17 combat bots 59066 | -2/Testing | Destroyed Executioner 59072 | -2/Testing | Spotted Investigator 59081 | -2/Testing | Scanned by Researcher 59081 | -2/Testing | Destroyed Investigator 59106 | -2/Testing | Destroyed 13 combat bots 59183 | -2/Testing | Sterilization system engaged 59183 | -2/Testing | Non-combat units ordered to evacuate 59283 | -2/Testing | Combat units ordered to evacuate 59289 | -2/Testing | Spotted Striker 59289 | -2/Testing | Spotted Striker 59295 | -2/Testing | Spotted Alpha 7 59299 | -2/Testing | Destroyed Striker 59301 | -2/Testing | Destroyed Striker 59305 | -2/Testing | Destroyed Alpha 7 59327 | -2/Testing | Stole the SGEMP Prototype 59483 | -2/Testing | Ambient heat levels rising (+10) 59535 | -2/Testing | Spotted PH-ZJO5YQYT4Q 59578 | -2/Testing | Spotted Fortress 59598 | -2/Testing | Destroyed Fortress 59633 | -2/Testing | Ambient heat levels rising (+10) 59671 | -2/Testing | Identified exit to Section 7 59671 | -2/Testing | Discovered exit to Section 7 (range 6) 59675 | -2/Testing | Entered Section 7 59676 | -2/Section 7 | Maximum security lockdown engaged 59687 | -2/Section 7 | Found Integrated Dissipator 59687 | -2/Section 7 | Installed Integrated Dissipator, increased core heat dissipation (+20) 59752 | -2/Section 7 | Garrison activated, responded to threat 59819 | -2/Section 7 | Destroyed 15 combat bots 59849 | -2/Section 7 | Spotted B-90 Cyclops 59855 | -2/Section 7 | Destroyed B-90 Cyclops 59865 | -2/Section 7 | Found Alien Artifact 59894 | -2/Section 7 | Spotted S7 Guard 59896 | -2/Section 7 | Spotted Investigator 59897 | -2/Section 7 | Scanned by Researcher 59900 | -2/Section 7 | Destroyed Investigator 59934 | -2/Section 7 | Found Alien Artifact 59940 | -2/Section 7 | Core integrity fell below 50% 59965 | -2/Section 7 | Destroyed 16 combat bots 59987 | -2/Section 7 | Reached level 36 60017 | -2/Section 7 | Destroyed 12 combat bots 60053 | -2/Section 7 | Spotted Striker 60054 | -2/Section 7 | Spotted Executioner 60054 | -2/Section 7 | Spotted Executioner 60094 | -2/Section 7 | Found Alien Artifact 60094 | -2/Section 7 | Identified Integrated Reactor (x3) 60094 | -2/Section 7 | Installed Integrated Reactor, increased core energy generation (+10) 60096 | -2/Section 7 | Installed Integrated Reactor, increased core energy generation (+10) 60097 | -2/Section 7 | Installed Integrated Reactor, increased core energy generation (+10) 60100 | -2/Section 7 | Spotted Striker 60112 | -2/Section 7 | Destroyed Striker 60112 | -2/Section 7 | Destroyed Striker 60121 | -2/Section 7 | Destroyed S7 Guard 60142 | -2/Section 7 | Destroyed 9 combat bots 60156 | -2/Section 7 | Spotted B-90 Cyclops 60256 | -2/Section 7 | Found Integrated Reactor 60257 | -2/Section 7 | Installed Integrated Reactor, increased core energy generation (+10) 60261 | -2/Section 7 | Spotted Executioner 60262 | -2/Section 7 | Spotted Striker 60263 | -2/Section 7 | Destroyed Executioner 60266 | -2/Section 7 | Destroyed Striker 60290 | -2/Section 7 | Spotted Executioner 60292 | -2/Section 7 | Crushed by falling debris 60292 | -2/Section 7 | Spotted Executioner 60293 | -2/Section 7 | Spotted Striker 60294 | -2/Section 7 | Spotted Executioner 60296 | -2/Section 7 | Destroyed Striker 60322 | -2/Section 7 | Found Com. Tesla Bomb Launcher 60329 | -2/Section 7 | Destroyed 21 combat bots 60346 | -2/Section 7 | Destroyed Executioner 60353 | -2/Section 7 | Spotted Striker 60384 | -2/Section 7 | Destroyed Striker 60395 | -2/Section 7 | Destroyed Executioner 60422 | -2/Section 7 | Intercept squad dispatched 60424 | -2/Section 7 | Found Alien Artifact 60431 | -2/Section 7 | Spotted Tracker 60432 | -2/Section 7 | Spotted Tracker 60432 | -2/Section 7 | Destroyed Tracker 60433 | -2/Section 7 | Destroyed Tracker 60454 | -2/Section 7 | Destroyed 12 combat bots 60466 | -2/Section 7 | Spotted Combat Programmer 60467 | -2/Section 7 | Spotted Combat Programmer 60467 | -2/Section 7 | Destroyed Combat Programmer 60468 | -2/Section 7 | Destroyed Combat Programmer 60515 | -2/Section 7 | Spotted Executioner 60516 | -2/Section 7 | Spotted Executioner 60520 | -2/Section 7 | Spotted Investigator 60522 | -2/Section 7 | Spotted Striker 60536 | -2/Section 7 | Destroyed Investigator 60544 | -2/Section 7 | Destroyed Striker 60574 | -2/Section 7 | Destroyed 11 combat bots 60642 | -2/Section 7 | Spotted Striker 60664 | -2/Section 7 | Destroyed Striker 60716 | -2/Section 7 | Spotted Alpha 7 60719 | -2/Section 7 | Intercept squad dispatched 60720 | -2/Section 7 | Spotted Alpha 7 60731 | -2/Section 7 | Spotted Tracker 60731 | -2/Section 7 | Spotted Tracker 60731 | -2/Section 7 | Destroyed Alpha 7 60733 | -2/Section 7 | Core integrity fell below 20% 60735 | -2/Section 7 | Destroyed Alpha 7 60748 | -2/Section 7 | Spotted B-99 Colossus 60755 | -2/Section 7 | Destroyed B-99 Colossus 60757 | -2/Section 7 | Destroyed Tracker 60764 | -2/Section 7 | Spotted Combat Programmer 60767 | -2/Section 7 | Spotted Combat Programmer 60770 | -2/Section 7 | Sterilization system engaged 60770 | -2/Section 7 | Non-combat units ordered to evacuate 60784 | -2/Section 7 | Destroyed 7 combat bots 60821 | -2/Section 7 | Spotted Executioner 60822 | -2/Section 7 | Spotted Executioner 60836 | -2/Section 7 | Spotted Striker 60837 | -2/Section 7 | Spotted Striker 60870 | -2/Section 7 | Combat units ordered to evacuate 60871 | -2/Section 7 | Destroyed Striker 60872 | -2/Section 7 | Destroyed Striker 60893 | -2/Section 7 | Spotted Executioner 60894 | -2/Section 7 | Spotted Executioner 60977 | -2/Section 7 | Destroyed Executioner 60979 | -2/Section 7 | Destroyed Executioner 61001 | -2/Section 7 | Discovered exit to Access (range 18) 61013 | -2/Section 7 | Spotted S7 Guard 61020 | -2/Section 7 | Destroyed S7 Guard 61027 | -2/Section 7 | Found Alien Artifact 61034 | -2/Section 7 | Destroyed Executioner 61041 | -2/Section 7 | Destroyed Executioner 61042 | -2/Section 7 | Destroyed Executioner 61043 | -2/Section 7 | Destroyed Executioner 61044 | -2/Section 7 | Destroyed Executioner 61048 | -2/Section 7 | Destroyed Combat Programmer 61053 | -2/Section 7 | Destroyed Executioner 61058 | -2/Section 7 | Destroyed Combat Programmer 61070 | -2/Section 7 | Ambient heat levels rising (+10) 61079 | -2/Section 7 | Destroyed 17 combat bots 61144 | -2/Section 7 | Spotted S7 Guard 61146 | -2/Section 7 | Destroyed S7 Guard 61220 | -2/Section 7 | Ambient heat levels rising (+10) 61340 | -2/Section 7 | Found Prototype Launcher 61340 | -2/Section 7 | Identified Containment Facilitator 61370 | -2/Section 7 | Ambient heat levels rising (+10) 61520 | -2/Section 7 | Ambient heat levels rising (+10) 61530 | -2/Section 7 | Found Fusion Bomb Launcher 61670 | -2/Section 7 | Ambient heat levels rising (+10) 61750 | -2/Section 7 | Found Alien Artifact 61750 | -2/Section 7 | Identified Hpw. Transdimensional Reconstructor 61750 | -2/Section 7 | Warped through subspace 61820 | -2/Section 7 | Ambient heat levels rising (+10) 61850 | -2/Section 7 | Found Alien Artifact 61850 | -2/Section 7 | Identified Terrabomb 61850 | -2/Section 7 | Used Terrabomb 61890 | -2/Section 7 | Found Alien Artifact 61890 | -2/Section 7 | Identified Matter Drive 61916 | -2/Section 7 | Build established: Machinist-Mutant 61970 | -2/Section 7 | Ambient heat levels rising (+10) 61978 | -2/Section 7 | Found Prototype Ballistic Gun 61978 | -2/Section 7 | Identified Multirail 62098 | -2/Section 7 | Found Alien Artifact 62098 | -2/Section 7 | Identified Core Reset Matrix (x2) 62098 | -2/Section 7 | Identified Core Expander 62098 | -2/Section 7 | Identified Integrity Redistributor 62098 | -2/Section 7 | Used Core Reset Matrix 62102 | -2/Section 7 | Sensed 13 artifacts in vicinity 62120 | -2/Section 7 | Ambient heat levels rising (+10) 62167 | -2/Section 7 | Found LRC Armor 62169 | -2/Section 7 | Installed LRC Armor, increased core integrity (+250) 62270 | -2/Section 7 | Ambient heat levels rising (+10) 62372 | -2/Section 7 | Found Sigix Quantum Sheargun 62377 | -2/Section 7 | Found Sigix Quantum Sheargun 62420 | -2/Section 7 | Ambient heat levels rising (+10) 62445 | -2/Section 7 | Found Transdimensional Reconstructor 62570 | -2/Section 7 | Ambient heat levels rising (+10) 62654 | -2/Section 7 | Discovered exit to Access (range 16) 62684 | -2/Section 7 | Build established: Machinist-Executioner 62705 | -2/Section 7 | Found Core Membrane 62705 | -2/Section 7 | Installed Core Membrane, gained immunity to corruption 62720 | -2/Section 7 | Ambient heat levels rising (+10) 62782 | -2/Section 7 | Used Core Regenerator, restored core integrity (+214) 62860 | -2/Section 7 | Installed Integrated Singularity Reactor, increased core energy generation (+20) 62870 | -2/Section 7 | Ambient heat levels rising (+10) 62983 | -2/Section 7 | Entered Access 62985 | -1/Access | Attacked by Zhirov 62985 | -1/Access | Destroyed Perun 62987 | -1/Access | Destroyed Svarog 62990 | -1/Access | Destroyed Zhirov 63000 | -1/Access | Found Prototype Hackware 63000 | -1/Access | Identified Quantum Router 63002 | -1/Access | Found Prototype Hackware 63002 | -1/Access | Identified Deep Network Scanner 63005 | -1/Access | Found Prototype Processor 63005 | -1/Access | Identified Exp. Terrain Scan Processor 63008 | -1/Access | Found Prototype Device 63008 | -1/Access | Identified Exp. Transmission Jammer 63272 | -1/Access | Identified exit to Surface 63277 | -1/Access | Destroyed 7 combat bots 63283 | -1/Access | First assault squad dispatched 63304 | -1/Access | Reached level 37 63306 | -1/Access | Incoming assault squad redirected 63308 | -1/Access | Incoming assault squad redirected 63354 | -1/Access | High security lockdown imminent 63382 | -1/Access | Spotted B-99 Colossus 63403 | -1/Access | Destroyed B-99 Colossus 63431 | -1/Access | Destroyed 25 combat bots 63434 | -1/Access | High security lockdown engaged 63454 | -1/Access | Warped through subspace 63555 | -1/Access | Destroyed 11 combat bots 63612 | -1/Access | Spotted Executioner 63612 | -1/Access | Spotted Striker 63612 | -1/Access | Spotted Executioner 63625 | -1/Access | Destroyed Executioner 63625 | -1/Access | Destroyed Striker 63636 | -1/Access | Destroyed Executioner 63665 | -1/Access | Destroyed 14 combat bots 63668 | -1/Access | Initialized slip node 63693 | -1/Access | Destroyed Investigator 63755 | -1/Access | Intercept squad dispatched 63764 | -1/Access | Spotted Tracker 63765 | -1/Access | Spotted Tracker 63769 | -1/Access | Destroyed Tracker 63776 | -1/Access | Spotted Executioner 63784 | -1/Access | Destroyed Tracker 63795 | -1/Access | Destroyed Executioner 63804 | -1/Access | Spotted Combat Programmer 63808 | -1/Access | Destroyed Combat Programmer 63831 | -1/Access | Spotted Combat Programmer 63836 | -1/Access | Destroyed 30 combat bots 63840 | -1/Access | Destroyed Combat Programmer 63844 | *** | Heading to fleet! Last Messages --------------- 63818_ Identified Hvy. Laser. 63819_ K-01 Serf collects debris. 63819_ Dropped Hvy. Laser. 63822_ Acquired 119 matter. 63822_ K-01 Serf collects debris. 63823_ Acquired 24 matter. 63827_ Acquired 119 matter. 63828_ Acquired 39 matter. 63830_ Acquired 42 matter. 63832_ Penetrated by EMDS Slug. 63838_ EMDS Slug penetrates Dimensional Slip Node. 63838_ Dimensional Slip Node implodes. 63838_ Sealed Barrier breached. 63840_ Combat Programmer fries systems beyond repair. 63840_ Combat Programmer destroyed. 63841_ The unstable cave ceiling collapses. [Achievement: Collector] [Achievement: Punisher] [Achievement: Winner's Signature] [Achievement: Mad Max] Map ----- +----------------------------------------------------+ | ??????????# #???????????????????????????????????? | | ??????????# #???????????????????????????????????? | | ??????????# ##########??????????????????????????? | | ??????????# #== #??????????????????????????? | | ??????????# #=! #??????????????????????????? | | ??????????# # """#??????????????????????????? | | ??????????# # """#??????????????????????????? | | ??????????# + R"#??????????????????????????? | | ??????????# # """#??????????????????????????? | | ??????????# # "" #??????????????????????????? | | ??????????# # [!##?????????????????????????? | | ??????????# #| !=%#?????????????????????????? | | ??????????# ###########?????????????????????????? | | ??????????#[ #???????????????????????????????????? | | ??????????#%!#???????????????????????????????????? | | ??????????#*%#???????????????????????????????????? | | ??????????#=!#???????????????????????????????????? | | ??????????#!=#???????????????????????????????????? | | ??????????#=!#???????????????????????????????????? | | ??????????# =#######"########????????????????????? | | ??????????# [ ""T"""" ?????????????????????? | | ??????????#*! "" " ?????????BB????????????? | | ??????????#![ =* " """""??????BB????????????? | | ??????????#[![ "????????????????????? | | ??????????#|/ [ "" "????????????????????? | | ??????????#= [ [ @" "????????????????????? | | #????######=[* "??????????????????? | | ? " ##%!! """"" "????BB??????? ?? | | """" ##*=!% ?????????BB??????? #? | | """"" ##=%%* ????????????????# ## | | """"" ##=!## "#######???????????????# ? | | """" ##% #### # #??????????????????????# ? | | " ## =#??#####??????????????????????# ? | | ##=!#????????????????############## ? | | ##*%###############??# # =#? | | ##[%## #??# # %#? | | ! ##*%## #??# # "%!#? | | %%*! ##[ ## != #??# # %=#? | | ??*=!%!! ##! ## == #??# # [ #? | | ####+#+###!/=%# = =* #??# # #? | | %!% **[![!*" *# #??# # !% #? | | ###%!!===%%""[/ #??# !! # #? | | ?#[%#####!%[[# #??# !! # [#? | | #!==#??###### #??# ! # |=#? | | #==##???????# #??# #=%%!#? | | /!|##???????# #??# #=*==#? | | #[%#????????# #??#####+##+#####*=!=## | | #!%#????????##+######+####??????# =%=!!!%[%=% | | # #????????????????# #?????????# !!=%=%=*!!* | | ### #????????????????# #?????????# =! !!*%=!!%![ | +----------------------------------------------------+ Best States ------------- Heat Dissipation 255 Coolant Potential 240 Energy Generation 146 Energy Capacity 700 Matter Stores 700 Matter Capacity 750 Sight Range 20 Terrain Scan Range 24 Terrain Scan Density 210 Power Amplification 30 Base Temperature (-) 200 EM Shielding 3 Heat Shielding 100 Armor Coverage 1800 Resistance: KI 75 Resistance: TH 100 Resistance: EX 100 Resistance: EM 100 Resistance: I 35 Resistance: S 35 Resistance: P 35 Point Defense Rating 240 Phase Shifting 20 Evasion (%) 62 Targeting Accuracy 8 Core Analysis 15 Armor Integrity Analysis 90 Matter Filtering 50 Particle Charging 25 Kinecelleration 50 Offensive Hacking 62 Defensive Hacking 45 Item Schematics ----------------- None Robot Schematics ------------------ None Fabricated ------------ Enh. Autogun | x1 | -7/Factory Enh. Autogun | x1 | -7/Factory Enh. Autogun | x1 | -7/Factory Arm. Huge Wheel | x2 | -7/Factory Enh. Autogun | x1 | -7/Factory Enh. Autogun | x1 | -7/Factory Adv. Hacking Suite | x1 | -7/Factory Adv. Terrain Scanner | x2 | -7/Factory Enh. Autogun | x1 | -7/Factory Enh. Autogun | x1 | -7/Factory Enh. Autogun | x1 | -7/Factory Centrium Wheel | x2 | -6/Factory Centrium Wheel | x2 | -6/Factory Centrium Wheel | x2 | -6/Factory EM Dispersion Field | x1 | -5/Factory Imp. Kinecellerator | x1 | -5/Factory Adv. Cryofiber Web | x1 | -5/Factory Adv. Coolant Injector | x2 | -5/Factory Adv. Hacking Suite | x1 | -5/Factory Hdn. Centrium Wheel | x1 | -4/Factory Hdn. Centrium Wheel | x1 | -4/Factory Hdn. Centrium Wheel | x1 | -4/Factory Adv. Kinecellerator | x1 | -4/Factory Hdn. Centrium Wheel | x1 | -4/Factory Prc. Matter Filter | x1 | -4/Factory Hdn. Centrium Wheel | x1 | -4/Factory Hdn. Centrium Wheel | x1 | -4/Factory Exp. Coolant Injector | x1 | -4/Factory Exp. Coolant Injector | x1 | -4/Factory Exp. Hacking Suite | x1 | -3/Armory Exp. Hacking Suite | x1 | -3/Armory Exp. Shock Absorption System | x1 | -3/Armory Beam Splitter | x1 | -3/Armory Zero-point Reactor | x1 | -3/Armory Exp. Armor Integrity Analyzer | x1 | -3/Armory Zero-point Reactor | x1 | -3/Armory O-24 Administrator | x1 | -3/Armory O-24 Administrator | x1 | -3/Armory P-70 Sage | x2 | -3/Armory Alien Tech Used ----------------- Integrated Dissipator Transdimensional Reconstructor Integrated Reactor High-powered Transdimensional Reconstructor Terrabomb Matter Drive Core Reset Matrix Core Expander LRC Armor Sigix Quantum Sheargun Core Membrane Core Regenerator Integrated Singularity Reactor Dimensional Node Initializer Achievements -------------- All-out Warlord Anyone Home? Collector Executioner Gunslinger Mad Max More Dakka Please No Explosion For You Punisher Revolutionary Research Signature Confirmed Subspace Traveler Winner's Signature Challenges ------------ None RPGLIKE | -11 -10 -10 -9 -9 -9 -8 -8 -7 -7 -7 -7 -7 -7 -6 -6 -6 -6 -6 -6 -6 -6 -5 -5 -5 -5 -5 -5 -4 -4 -4 -4 -4 -4 -4 -3 -3 -3 -3 -2 -2 -2 -1 --------- Run | Scr Mat Min Mat Min Exi Min Mat Fac Was Fac Low Low Dat Pro Fac Was Fac Ext Cet Arc Hub Fac Was Fac Upp Upp War Pro Fac Was Fac Upp Upp Zhi Pro Res Arm Lab Res Tes Sec Acc Levels Raised 36 | . 1 . 5 1 . 1 3 4 . 2 . . . 1 1 . 1 . . . 1 1 . 1 . . 1 1 1 . 1 . 1 . . 1 1 1 2 1 1 1 XP Earned 61411 | 6000 1835 750 7133 1023 243 1600 4391 5649 67 2965 265 244 105 902 2569 46 592 414 522 163 950 1299 46 1105 366 414 659 1232 2652 33 1290 270 276 50 767 1774 1440 548 3148 1995 1626 1993 XP Spent 58495 | 2900 4600 . 7370 . . 2000 4050 5800 1700 2840 . . . 1700 1200 . . . . . 2000 2300 . . . . 3500 . 2900 . 1250 . 1850 . . 1525 . 2880 1300 2900 1930 . Upgrades 81 | 8 13 . 10 . . 1 3 9 1 7 . . . 1 2 . . . . . 1 1 . . . . 3 . 1 . 2 . 2 . . 4 . 3 1 2 6 . Power Slot 1 | 1 . . . . . . . . . . . . . . . . . . . . . . . . . . . . . . . . . . . . . . . . . . Propulsion Slot 5 | 1 2 . . . . . . . . 1 . . . 1 . . . . . . . . . . . . . . . . . . . . . . . . . . . . Utility Slot 9 | 1 1 . 1 . . . . 1 1 . . . . . . . . . . . 1 1 . . . . 1 . 1 . . . . . . . . . . . . . Weapon Slot 7 | 1 1 . 3 . . 1 1 . . . . . . . . . . . . . . . . . . . . . . . . . . . . . . . . . . . Core Integrity 3 | . . . . . . . . . . . . . . . . . . . . . . . . . . . . . . . . . . . . . . . . . 3 . Heat Dissipation 15 | . 6 . 1 . . . . . . 6 . . . . . . . . . . . . . . . . . . . . . . . . . 1 . 1 . . . . Energy Generation 5 | . . . 1 . . . . . . . . . . . . . . . . . . . . . . . . . . . 1 . 2 . . . . . 1 . . . Matter Storage 8 | . . . . . . . . 4 . . . . . . . . . . . . . . . . . . 1 . . . . . . . . 1 . . . . 2 . Mass Support 1 | 1 . . . . . . . . . . . . . . . . . . . . . . . . . . . . . . . . . . . . . . . . . . Inventory Capacity 8 | 2 . . . . . . 2 2 . . . . . . . . . . . . . . . . . . . . . . . . . . . . . 1 . 1 . . Sight Range 4 | . 1 . 1 . . . . . . . . . . . 2 . . . . . . . . . . . . . . . . . . . . . . . . . . . Terrain Scan Density 2 | 1 . . . . . . . . . . . . . . . . . . . . . . . . . . . . . . . . . . . 1 . . . . . . Ranged Accuracy 6 | . . . 2 . . . . . . . . . . . . . . . . . . . . . . . 1 . . . 1 . . . . 1 . . . 1 . . Hack Attack % 2 | . 1 . 1 . . . . . . . . . . . . . . . . . . . . . . . . . . . . . . . . . . . . . . . Hack Defense % 1 | . 1 . . . . . . . . . . . . . . . . . . . . . . . . . . . . . . . . . . . . . . . . . KI Damage % 4 | . . . . . . . . 2 . . . . . . . . . . . . . . . . . . . . . . . . . . . . . 1 . . 1 . Protomatter Created 32706 | . 200 . 504 104 . 135 482 720 195 1197 322 233 . 144 1033 193 572 349 362 80 1377 547 . 608 366 636 478 758 2036 99 1526 393 755 . 331 1098 1839 135 2389 3310 4794 2406 Integrity Restored 17363 | . 418 . 666 184 . 89 413 451 . 1514 207 148 . 246 1196 . 584 195 231 . 648 210 . 550 211 113 364 147 836 33 479 255 48 . 82 464 634 84 1107 714 3183 659 Core 9394 | . 243 . 484 111 . 55 222 245 . 755 93 99 . 117 709 . 298 104 135 . 331 136 . 309 86 52 208 55 419 15 227 142 19 . 47 212 199 31 571 213 2080 372 Parts 7969 | . 175 . 182 73 . 34 191 206 . 759 114 49 . 129 487 . 286 91 96 . 317 74 . 241 125 61 156 92 417 18 252 113 29 . 35 252 435 53 536 501 1103 287 Protomatter Decayed 44669 | . 55 . 271 38 . 101 386 531 . 760 247 181 . 58 821 . 339 338 257 75 1120 466 . 378 282 621 1804 696 1989 284 1944 296 732 . 300 5647 1946 177 12064 3297 4103 2065 Game ------ Seed CloakingSwarmMicroactuators Manual? 0 Play Time 18:37:00 Cumulative 158.6 hours Start 2021.05.30 @ 20:02:59 End 2021.05.31 @ 22:15:54 Sessions 5 Manual Loads 0 Difficulty Explorer Special Mode Winter2019/RPGLIKE Game No. 30 Rogue 12 Adventurer 0 Explorer 18 Win Type 2 Total 2 Types 0/0/2/0/0/0/0/0/0 Lore% 68 Gallery% 76 Achievement% 65 Wizard Run 0 Options --------- ASCII 0 Keyboard 0 Movement Mouse Keybinds 0 Fullscreen 2 Font 24/Cog Map View 76x50 Tactical HUD 1 Map Filters NONE Filters NONE Steam 1 RUN: 79085cf3-501a-488c-a722-b728423c439e